 Dungeon Crawl Stone Soup version 0.31-a0-496-g6f97920a28 (webtiles) character file.

Game seed: 4708840015046269497

1243807 Xavori the Octopoid Barricade (level 27, -9/224 HPs)
             Began as an Octopode Chaos Knight on Aug 8, 2023.
             Was a Favourite Plaything of Xom.
             Mangled by a death scarab (16 damage)
             ... on level 3 of the Tomb of the Ancients on Aug 9, 2023.
             The game lasted 03:31:25 (96325 turns).

Xavori the Octopoid Barricade (OpCK)               Turns: 96325, Time: 03:31:25

Health: -9/224     AC: 11    Str: 18    XL:     27
Magic:  4/39       EV: 22    Int: 23    God:    Xom [..*...]
Gold:   11170      SH:  0    Dex: 20    Spells: 41/50 levels left

rFire   + + .        H - +8 quick blade (protect)
rCold   + + .        l - +7 tower shield "Qykugec" {Slay+5}
rNeg    + + +        y - +2 hat {Int+3}
rPois   ∞            U - amulet of regeneration
rElec   +            s - +4 ring of protection
rCorr   +            R - ring of Truth {Contam rElec rC+ Str+3}
SInv    +            z - ring "Ebrogor" {rPois rCorr Int-3 Slay+6 SInv}
Will    ++++.        x - +5 ring of evasion
Stlth   +++++        w - +4 ring of protection
HPRegen 1.37/turn    Z - ring "Seluovu" {rPois rF+++ rC- rN+ Dex+3}
MPRegen 0.26/turn    e - ring of Qunonk {rC+ Slay+3 SInv Stlth+}
                     W - +4 ring of slaying

%: clarity
@: death-form, heavily contaminated, held, slowed, glowing, studying Ranged
Weapons, unable to read, very slow
A: vile attack, torment immunity, no potions, almost no armour, amphibious, 8
rings, camouflage 1, gelatinous body 1, (nimble swimmer 1), tentacles, antennae
1, fangs 1, clarity, clever 2, strong-willed 1, mutation resistance 1, heat
vulnerability 1, inability to read after injury 1, noise suppression
}: 14/15 runes: decaying, slimy, silver, iron, obsidian, icy, bone, abyssal,
demonic, glowing, magical, fiery, dark, gossamer
a: Siphon Essence, Begin Untransformation, Renounce Religion


You were on level 3 of the Tomb of the Ancients.
You worshipped Xom.
You were a toy of Xom.
You were an undying horror.
You visited 17 branches of the dungeon, and saw 87 of its levels.
You visited Pandemonium 1 time, and saw 13 of its levels.
You visited the Abyss 6 times.
You visited 1 bazaar.
You also visited: Bailey, Gauntlet and Ice Cave.

You collected 18152 gold pieces.
You spent 6982 gold pieces at shops.

Inventory:

Hand Weapons
 H - a +8 quick blade of protection (weapon)
Armour
 l - the +7 tower shield "Qykugec" (worn) {Slay+5}
   (You acquired it on level 4 of the Lair of Beasts)

   Slay:      It affects your accuracy & damage with ranged weapons and melee
   (+5).
 y - a +2 hat of intelligence (worn)
Jewellery
 a - the ring of Twilight {Wiz rElec rPois Str-2 Int+2}
   (You found it in a Gauntlet)

   [ring of wizardry]

   It improves your spell success rate.
   Str:       It affects your strength (-2).
   Int:       It affects your intelligence (+2).
   rElec:     It insulates you from electricity.
   rPois:     It protects you from poison.
 e - the ring of Qunonk (on tentacle) {rC+ Slay+3 SInv Stlth+}
   (You took it off a deep elf elementalist on level 3 of the Elven Halls)

   [ring of protection from cold]

   Slay:      It affects your accuracy & damage with ranged weapons and melee
   (+3).
   rC:        It protects you from cold.
   SInv:      It lets you see invisible.
   Stlth:     It makes you more stealthy.
 p - the ring of Onoren {rElec rPois rF- Slay+4}
   (You took it off a fire giant on level 5 of the Vaults)

   [ring of slaying]

   Slay:      It affects your accuracy & damage with ranged weapons and melee
   (+4).
   rF:        It makes you vulnerable to fire.
   rElec:     It insulates you from electricity.
   rPois:     It protects you from poison.
 s - a +4 ring of protection (left tentacle)
 w - a +4 ring of protection (on tentacle)
 x - a +5 ring of evasion (on tentacle)
 z - the ring "Ebrogor" (on tentacle) {rPois rCorr Int-3 Slay+6 SInv}
   (Xom gifted it to you on level 6 of the Dungeon)

   [ring of resist corrosion]

   Int:       It affects your intelligence (-3).
   Slay:      It affects your accuracy & damage with ranged weapons and melee
   (+6).
   rPois:     It protects you from poison.
   SInv:      It lets you see invisible.
   rCorr:     It protects you from acid and corrosion.
 I - the ring of the Seeker {Ice Fly Int+3}
   (You took it off Josephina on level 1 of the Crypt)

   [ring of ice]

   It enhances your ice magic.
   Int:       It affects your intelligence (+3).
   rF:        It makes you vulnerable to fire.
   rC:        It protects you from cold.
   Fly:       It grants you flight.
 R - the ring of Truth (right tentacle) {Contam rElec rC+ Str+3}
   (You found it in Pandemonium)

   [ring of protection from cold]

   Str:       It affects your strength (+3).
   rC:        It protects you from cold.
   rElec:     It insulates you from electricity.
   Contam:    It causes magical contamination when unequipped.
 U - an amulet of regeneration (around mantle)
 W - a +4 ring of slaying (on tentacle)
 Z - the ring "Seluovu" (on tentacle) {rPois rF+++ rC- rN+ Dex+3}
   (You found it on level 3 of the Crypt)

   [ring of positive energy]

   Dex:       It affects your dexterity (+3).
   rF:        It renders you almost immune to fire.
   rC:        It makes you vulnerable to cold.
   rPois:     It protects you from poison.
   rN:        It protects you from negative energy.
Talismans
 A - a talisman of death (active)
 E - a maw talisman
 J - a storm talisman
 Y - a granite talisman
Wands
 i - a wand of polymorph (13)
 k - a wand of mindburst (71)
 o - a wand of digging (21)
 C - a wand of iceblast (91)
 N - a wand of paralysis (81)
 O - a wand of flame (158)
 X - a wand of light (52)
Scrolls
 d - 27 scrolls of teleportation
 g - 6 scrolls of silence
 n - 16 scrolls of poison
 q - 12 scrolls of fog
 r - a scroll of torment
 D - 17 scrolls of enchant armour
 F - 10 scrolls of fear
 P - 5 scrolls of blinking
 Q - 2 scrolls of revelation
Potions
 c - 8 potions of might
 f - 5 potions of heal wounds
 h - 3 potions of invisibility
 j - 8 potions of mutation
 m - 5 potions of enlightenment
 u - 31 potions of curing
 v - 9 potions of cancellation
 B - 6 potions of brilliance
 G - 16 potions of ambrosia
 K - 13 potions of haste
 L - 6 potions of magic
 S - 4 potions of berserk rage
 T - 5 potions of resistance
Miscellaneous
 b - a figurine of a ziggurat
 t - a lightning rod (4/4)
 M - a sack of spiders
 V - a phantom mirror


   Skills:
 O Level 27 Fighting
 O Level 27 Short Blades
 * Level 26.5 Dodging
 O Level 27 Stealth
 O Level 27 Shields
 * Level 14.6 Unarmed Combat
 - Level 12.1 Spellcasting
 - Level 7.5 Translocations
 - Level 6.0 Air Magic
 + Level 8.8 Evocations
 - Level 23.7 Shapeshifting


You had 41 spell levels left.
You knew the following spells:

 Your Spells              Type           Power      Damage    Failure   Level
a - Blink                 Tloc           96%        N/A       1%          2
b - Manifold Assault      Tloc           48%        N/A       1%          4
c - Swiftness             Air            41%        N/A       1%          3

Your spell library contained the following spells:

 Spells                   Type           Power      Damage    Failure   Level
 Apportation              Tloc           96%        N/A       1%          1
 Shock                    Conj/Air       100%       1d9       1%          1
 Lesser Beckoning         Tloc           96%        N/A       1%          2
 Momentum Strike          Conj/Tloc      62%        3d9       1%          2
 Poisonous Vapours        Pois/Air       54%        N/A       1%          2
 Static Discharge         Conj/Air       54%        2-5/arc   1%          2
 Teleport Other           Tloc           48%        N/A       1%          3
 Vhi's Electric Charge    Tloc/Air       90%        N/A       1%          3
 Passage of Golubria      Tloc           48%        N/A       1%          4
 Cigotuvi's Dreadful Rot  Necr/Pois/Air  46%        N/A       3%          2
 Portal Projectile        Hex/Tloc       62%        N/A       3%          3
 Volatile Blastmotes      Fire/Tloc      62%        2d15      3%          3
 Airstrike                Air            20%        2d(3-19)  3%          4
 Foxfire                  Conj/Fire      52%        2x1d6     4%          1
 Freeze                   Ice            52%        1d6       4%          1
 Kiss of Death            Conj/Necr      52%        2d9       4%          1
 Magic Dart               Conj           52%        1d5       4%          1
 Necrotise                Necr           52%        1d6       4%          1
 Sandblast                Erth           26%        2d8       4%          1
 Sting                    Tmut/Pois      52%        1d5       4%          1
 Summon Small Mammal      Summ           52%        N/A       4%          1
 Mephitic Cloud           Conj/Pois/Air  23%        N/A       6%          3
 Call Imp                 Summ           26%        N/A       7%          2
 Ensorcelled Hibernation  Hex/Ice        26%        N/A       7%          2
 Passwall                 Tmut/Erth      10%        N/A       7%          2
 Scorch                   Fire           26%        2d6       7%          2
 Sublimation of Blood     Necr           13%        N/A       7%          2
 Wereblood                Tmut           13%        N/A       7%          2
 Iskenderun's Mystic Bla  Conj/Tloc      31%        2d8       10%         4
 Summon Lightning Spire   Summ/Air       27%        N/A       13%         4
 Call Canine Familiar     Summ           13%        N/A       14%         3
 Dazzling Flash           Conj/Hex       26%        N/A       14%         3
 Frozen Ramparts          Ice            26%        1d4       14%         3
 Hailstorm                Conj/Ice       13%        3d5       14%         3
 Ignite Poison            Fire/Tmut/Pois 13%        N/A       14%         3
 Inner Flame              Hex/Fire       13%        N/A       14%         3
 Ozocubu's Armour         Ice            13%        N/A       14%         3
 Stone Arrow              Conj/Erth      26%        3d8       14%         3
 Summon Guardian Golem    Hex/Summ       13%        N/A       14%         3
 Tukima's Dance           Hex            13%        N/A       14%         3
 Vampiric Draining        Necr           13%        2d6       14%         3
 Summon Forest            Summ/Tloc      15%        N/A       26%         5
 Arcjolt                  Conj/Air       13%        1d23      36%         5
 Silence                  Hex/Air        13%        N/A       36%         5
 Anguish                  Hex/Necr       6%         N/A       41%         4
 Cause Fear               Hex            6%         N/A       41%         4
 Flame Wave               Conj/Fire      13%        2d6       41%         4
 Fulminant Prism          Conj/Hex       6%         3d7       41%         4
 Leda's Liquefaction      Hex/Erth       6%         N/A       41%         4
 Olgreb's Toxic Radiance  Pois           13%        N/A       41%         4
 Petrify                  Tmut/Erth      13%        N/A       41%         4
 Sticky Flame             Conj/Fire      13%        2d4       41%         4
 Summon Ice Beast         Ice/Summ       13%        N/A       41%         4
 Freezing Cloud           Conj/Ice/Air   11%        6-21      50%         5
 Agony                    Necr           13%        N/A       77%         5
 Fireball                 Conj/Fire      6%         3d5       77%         5
 Irradiate                Conj/Tmut      6%         3d13      77%         5
 Iskenderun's Battlesphe  Conj           13%        2d7       77%         5
 Lee's Rapid Deconstruct  Erth           6%         3d6*      77%         5
 Metabolic Englaciation   Hex/Ice        6%         N/A       77%         5
 Summon Mana Viper        Hex/Summ       13%        N/A       77%         5
 Yara's Violent Unravell  Hex/Tmut       6%         3d5       77%         5
 Conjure Ball Lightning   Conj/Air       13%        3x3d6     90%         6
 Plasma Beam              Fire/Air       13%        2x1d24    90%         6
 Eringya's Noxious Bog    Tmut/Pois      6%         4d6       100%        6
 Leda's Unmaking          Conj/Erth      6%         9d2       100%        6
 Simulacrum               Ice/Necr       6%         N/A       100%        6
 Starburst                Conj/Fire      6%         6d4       100%        6
 Summon Cactus Giant      Summ           6%         N/A       100%        6
 Enfeeble                 Hex            6%         N/A       100%        7
 Haunt                    Necr/Summ      6%         N/A       100%        7
 Malign Gateway           Summ/Tloc      15%        N/A       100%        7
 Monstrous Menagerie      Summ           6%         N/A       100%        7
 Orb of Destruction       Conj           6%         9d6       100%        7
 Ozocubu's Refrigeration  Ice            6%         4d8       100%        7
 Spellforged Servitor     Conj/Summ      6%         N/A       100%        7
 Summon Hydra             Summ           6%         N/A       100%        7
 Borgnjor's Revivificati  Necr           6%         N/A       100%        8
 Lehudib's Crystal Spear  Conj/Erth      6%         10d3      100%        8
 Maxwell's Capacitive Co  Air            20%        ∞         100%        8
 Summon Horrible Things   Summ           6%         N/A       100%        8
 Chain Lightning          Conj/Air       13%        3d18      100%        9
 Death's Door             Necr           6%         N/A       100%        9
 Dragon's Call            Summ           6%         N/A       100%        9
 Fire Storm               Conj/Fire      6%         8d2       100%        9
 Shatter                  Erth           6%         3d9*      100%        9
 Animate Armour           Summ/Erth      Unusable   N/A       N/A         4

Dungeon Overview and Level Annotations

Branches:
Dungeon (15/15)            Temple (0/1) D:6            Lair (5/5) D:9
  Swamp (4/4) Lair:3       Spider (4/4) Lair:3        Slime (5/5) Lair:5
    Orc (2/2) D:10            Elf (3/3) Orc:2        Vaults (5/5) D:14
  Crypt (3/3) Vaults:2       Tomb (3/3) Crypt:3      Depths (4/4) D:15
   Hell (visited)             Dis (7/7) Hell            Geh (7/7) Hell
    Coc (7/7) Hell            Tar (7/7) Hell            Zot (5/5) Depths:4
 Bailey (visited)           IceCv (visited)         Gauntlet (visited)

Altars:
Dithmenos
Hepliaklqana
Kikubaaqudgha
Makhleb
Nemelex Xobeh
Sif Muna
Vehumet
Wu Jian
Xom
Yredelemnul
Zin
The Shining One
Jiyva

Shops:
D:12 *   D:13 :   D:15 [*[=:   Orc:2 *[(*   Elf:1 (   Elf:2 ?   Elf:3 *[
Vaults:2 *   Vaults:3 [[   Depths:2 [:   Depths:4 =:=

Portals:
Hell: Depths:1 Depths:2 Depths:3 Depths:4
Abyss: Depths:1 Depths:2 Depths:3
Pandemonium: Depths:1 Depths:2
Ziggurat: Depths:3

Annotations:
D:5 2 transporters, MisterAzrael's ghost, novice DrSh
D:12 Jorgrun
Lair:3 exclusion: oklob plant
Lair:5 2 runed translucent doors


Innate Abilities, Weirdness & Mutations

You are an undying horror.
Your melee and unarmed attacks drain, slow and weaken victims.
You are immune to unholy pain and torment.
You cannot drink.
You are immune to poison.
You cannot wear most types of armour.
You are amphibious.
You can wear up to eight rings at the same time.
Your skin changes colour to match your surroundings (Stealth+).
Your rubbery body absorbs attacks. (AC +1, EV +1)
((You are camouflaged when in or above water. (Stealth+)))
You have tentacles for arms and can constrict up to eight enemies at once.
You have a pair of small antennae on your head.
You have very sharp teeth.
You possess an exceptional clarity of mind.
Your mind is very acute. (Int +8, Str/Dex -2)
You are strong-willed. (Will+)
You are somewhat resistant to further mutation.
You are vulnerable to heat. (rF-)
You occasionally lose the ability to read scrolls when taking damage.
You passively dampen the noise of your surroundings.


Message History

You blink.
You hear a loud "Zot"! x2
You block the death scarab's attack.
Unknown command.
You block the death scarab's attack.
You hear a loud "Zot"!
You block the death scarab's attack. The death scarab completely misses you.
The death scarab bites you but does no damage.
The death scarab completely misses you. The death scarab closely misses you.
You hear a loud "Zot"!
The power of Zot is invoked against you!
The mummy priest is recalled.
The royal mummy is recalled.
The death scarab completely misses you. You block the death scarab's attack.
The death scarab misses you. The mummy priest drops a net on you.
You become entangled in the net!
A mummy priest comes into view.
You see here a throwing net.
Unknown command.
Unknown command.
Unknown command.
You struggle against the net.
You hear a loud "Zot"!
The power of Zot is invoked against you!
You are heavily infused with residual magic.
The death scarab bites you!!
* * * LOW HITPOINT WARNING * * *
The death scarab completely misses you. The death scarab misses you.
The death scarab completely misses you. The death scarab closely misses you.
The royal mummy mumbles some strange words.
The mummy priest utters an invocation to its god.
The death scarab bites you.
* * * LOW HITPOINT WARNING * * *
The death scarab bites you but does no damage.
The royal mummy gestures wildly while chanting.
Unknown command.
Unknown command.
Unknown command.
You struggle against the net.
The death scarab bites you!
You die...
Xom is highly amused!

##+### ..M....M..M§M
###.sBB##{ ...M..MZ9M.Bz
##$..BMMz## .........z.MB
#/$...BBBB##...MM.ZWzBBB#
##$$....BMBZ##.........M##
#$|$..MM.M.B.##.M.MzB9M##.
#$$$$$).....MM##M.MW)M##..
#$$$$[)M.M^M.M##.W.z..##..
#$!$$$[$[....Mz#..MM4.#...
#$|$$$!:$$....M#....zW#^..
##$$?z$$$)$....'W..MMMM.W.


You could see a royal mummy, an emperor scorpion (summoned), 3 mummy priests, 6
guardian mummies, 10 death scarabs, a flying skull (summoned), 4 mummies and a
quicksilver dragon zombie.

Vanquished Creatures
  Cerebov (Pan)
  Antaeus (Coc:7)
  Asmodeus (Geh:7)
  the Royal Jelly (Slime:5)
  Ereshkigal (Tar:7)
  Gloorx Vloq (Pan)
  the Serpent of Hell (Coc:7)
  Mnoleg (Pan)
  Dispater (Dis:7)
  5 dread liches
  Lom Lobon (Pan)
  4 orbs of fire
  Khufu (Tomb:1)
  5 ancient liches
  5 juggernauts
  25 royal mummies
  18 shard shrikes
  Boris (Crypt:2)
  Frederick (Depths:2)
  Josephina (Crypt:1)
  Parghit (Zot:2)
  Xtahua (Crypt:1)
  Saint Roka (Vaults:5)
  The ghost of Reyb the Executioner, a veteran DsGl of Okawaru (Vaults:4)
  Geryon (Hell)
  36 caustic shrikes
  Jory (Crypt:3)
  Nikola (Swamp:4)
  6 golden dragons
  11 profane servitors
  35 bone dragons
  19 Tzitzimimeh
  Arachne (Spider:4)
  6 doom hounds
  4 electric golems (Zot:3)
  3 pandemonium lords (Pan)
  16 Brimstone Fiends
  22 iron giants
  16 Ice Fiends
  13 tentacled monstrosities
  20 tainted leviathans
  3 Orb Guardians (Zot:5)
  13 hellephants
  15 liches
  A deep elf blademaster (Elf:3)
  28 searing wretches
  25 Hell Sentinels
  2 quicksilver dragons
  2 deep elf master archers (Elf:3)
  2 eldritch tentacles (Tomb:2)
  22 tentacled starspawn
  15 Executioners
  15 titans
  18 acid blobs
  26 ancient champions
  11 sphinxes
  3 thorn hunters (Swamp:4)
  9 death cobs
  3 tengu reavers
  14 shadow dragons
  Donald (Vaults:1)
  Kirke (D:12)
  9 storm dragons
  5 revenants
  A daeva (Abyss:6)
  5 draconian monks
  5 draconian knights
  Aizul (Vaults:1)
  A nagaraja (Abyss:3)
  9 azure jellies
  15 rockslimes
  13 frost giants
  47 balrugs
  A demonspawn warmonger (Pan)
  20 narguns
  31 fire giants
  5 spectral caustic shrikes
  3 fenstrider witches
  7 deep elf sorcerers
  5 draconian scorchers
  9 shard shrike simulacra
  9 quicksilver elementals
  12 ghost moths
  4 ghouls
  15 vault wardens
  3 angels
  6 deep elf elementalists
  13 cacodemons
  5 iron dragons
  2 spectral juggernauts
  Louise (Depths:2)
  A draconian shifter (Zot:1)
  28 ironbound preservers
  3 broodmothers
  6 emperor scorpions
  6 draconian annihilators
  3 curse skulls
  A quicksilver ooze (shapeshifter) (Elf:2)
  A caustic shrike skeleton (Crypt:1)
  2 draconian stormcallers
  6 quicksilver oozes
  4 formless jellyfish
  8 reapers
  23 war gargoyles
  11 vampire knights
  2 spriggan defenders
  2 starflowers (Abyss:4)
  16 stone giants
  3 demonspawn corrupters (Pan)
  Nessos (D:15)
  2 demonspawn blood saints (Pan)
  27 very ugly things
  5 ironbound thunderhulks
  8 white draconians
  12 elemental wellsprings
  8 green draconians
  A spectral titan (Tar:4)
  An eleionoma (Swamp:1)
  3 red draconians
  7 deep elf demonologists
  17 putrid mouths
  11 deep elf annihilators
  10 bennus
  2 demonspawn black suns (Pan)
  9 lorocyprocas
  Azrael (Elf:2)
  19 wendigos
  4 bunyips
  4 dire elephants
  6 black draconians
  18 spark wasps
  5 yellow draconians
  4 purple draconians
  A minotaur (Gauntlet)
  9 deep elf death magi
  5 blizzard demons
  13 green deaths
  10 eidola
  15 iron golems
  15 fire dragons
  15 mummy priests
  16 ettins
  A fenstrider witch zombie (Crypt:1)
  5 deep elf high priests
  An entropy weaver (shapeshifter) (Abyss:3)
  25 jiangshi
  10 great orbs of eyes
  2 shambling mangroves
  2 spectral spriggans
  18 yaktaur captains
  10 entropy weavers
  14 caustic shrike simulacra
  6 ice dragons
  A spriggan zombie (Crypt:1)
  A hell beast (Gauntlet)
  6 salamander tyrants
  2 peacekeepers
  14 hydras
  7 rakshasas
  7 ogre magi (Depths:2)
  8 radroaches
  Erica (Lair:1)
  2 catoblepae
  2 spriggan skeletons
  29 vault guards
  12 boulder beetles
  7 death knights
  5 spriggan air magi
  An alligator snapping turtle (Dis:6)
  4 jorogumos
  7 centaur warriors
  11 ironbound frosthearts
  2 juggernaut simulacra
  A satyr (Abyss:3)
  A two-headed ogre (shapeshifter) (Depths:2)
  7 alligators
  An alligator (shapeshifter) (Vaults:5)
  41 death scarabs
  A spectral human (Tar:2)
  4 two-headed ogres
  31 dancing weapons
  10 demonic crawlers
  6 deep troll earth magi
  8 stokers
  7 deep troll shamans
  30 hell hogs
  52 thrashing horrors
  11 tengu warriors
  8 vampire magi
  3 orc high priests
  A spectral dire elephant (Tar:4)
  15 crystal echidnas
  2 spriggan berserkers
  2 fire crabs (shapeshifter) (Abyss:4)
  7 hell knights
  A storm dragon zombie (Crypt:1)
  19 spriggans
  A spectral death yak (Gauntlet)
  4 titan skeletons
  9 deep elf knights
  51 sun demons
  20 soul eaters
  3 pharaoh ants
  15 wretched stars
  3 skysharks
  19 sixfirhies
  6 iron trolls
  2 sun moths
  2 goliath frogs
  31 skeletal warriors
  2 spectral bunyips
  7 flayed ghosts
  2 quicksilver dragon simulacra
  27 shadow wraiths
  4 spatial maelstroms
  7 bog bodies
  A storm dragon skeleton (Tomb:1)
  12 orb spiders
  2 spectral anacondas
  An anaconda skeleton (Pan)
  A bunyip skeleton (Abyss:3)
  60 deep trolls
  6 spriggan druids
  8 glowing orange brains
  2 shadow demons
  A spectral hydra (Gauntlet)
  Pikel (D:7)
  An anaconda zombie (Hell)
  9 swamp dragons
  20 ironbound convokers
  10 lindwurms
  4 deep elf archers
  6 phantasmal warriors
  20 wizards
  5 spriggan simulacra
  51 starcursed masses
  4 steelbarb worms
  25 deep elf pyromancers
  16 necromancers
  21 deep elf zephyrmancers
  7 orc sorcerers
  4 harpies
  A mana viper (Abyss:3)
  3 salamanders (shapeshifter)
  A sphinx zombie (Depths:1)
  7 orc knights
  A fire giant zombie (Crypt:1)
  An eleionoma zombie (Crypt:1)
  8 worldbinders
  31 wolf spiders
  5 cyclopes
  27 ugly things
  6 will-o-the-wisps
  A cyclops (shapeshifter) (Vaults:5)
  2 spectral ettins
  A stone giant skeleton (Depths:1)
  2 dire elephant zombies
  9 shining eyes
  19 moths of wrath
  A draconian skeleton (Crypt:1)
  4 guardian serpents
  A frost giant zombie (Vaults:2)
  8 titan simulacra
  2 ice statues
  11 rust devils
  10 elephants (Lair:4)
  22 vault sentinels
  A frost giant skeleton (Crypt:2)
  9 black mambas
  2 centaur zombies
  2 water nymphs (shapeshifter)
  A torpor snail (shapeshifter) (Vaults:5)
  5 torpor snails
  28 smoke demons
  A gargoyle (D:14)
  7 apocalypse crabs (Abyss:3)
  2 centaur skeletons (Pan)
  9 cane toads
  2 eyes of devastation
  A dire elephant skeleton (Pan)
  2 molten gargoyles (Lair:5)
  21 orange demons
  A pale draconian zombie (Crypt:2)
  A kobold demonologist (D:13)
  2 efreet
  21 yaktaurs
  An unseen horror (shapeshifter) (Depths:2)
  28 tormentors
  A human zombie (Vaults:2)
  A golden dragon simulacrum (Crypt:1)
  A komodo dragon (shapeshifter) (Abyss:3)
  10 unseen horrors
  44 hellions
  A yellow draconian zombie (Crypt:2)
  16 freezing wraiths
  2 rime drakes
  16 ancient zymes
  15 ice devils
  6 red devils
  3 tengu conjurers
  2 spectral nagas
  A death drake zombie (Crypt:1)
  12 komodo dragons
  37 guardian mummies
  A queen bee (Spider:3)
  A bloated husk (Swamp:2)
  5 anaconda simulacra
  4 spectral harpies
  11 meliai
  4 trolls
  6 tyrant leeches
  15 hellwings
  5 iron giant simulacra
  28 hornets
  A hornet (shapeshifter) (D:13)
  27 tarantellas
  A tarantella (shapeshifter) (Vaults:5)
  16 blink frogs
  48 raiju
  2 stone giant simulacra
  87 flying skulls
  A spectral black mamba (Gauntlet)
  2 dream sheep (D:11)
  An ice dragon zombie (Crypt:1)
  2 centaur simulacra
  An alligator skeleton (Crypt:2)
  A fire dragon skeleton (Crypt:1)
  32 culicivoras
  7 dire elephant simulacra
  A spriggan (shapeshifter) (Elf:1)
  25 jumping spiders
  3 shadows (Crypt:3)
  4 water elementals
  An air elemental (Elf:3)
  81 slime creatures
  A vampire (Abyss:3)
  11 ynoxinuls
  5 wyverns
  16 wraiths
  2 ettin skeletons (Pan)
  46 large abominations
  47 yaks
  6 ushabtiu
  An alligator snapping turtle simulacrum (Crypt:1)
  18 humans (D:14)
  A basilisk (shapeshifter) (Elf:2)
  3 fire bats
  A hog (shapeshifter) (D:14)
  A human (shapeshifter) (D:15)
  A spectral fire crab (Gauntlet)
  4 fire elementals
  11 golden eyes
  78 redbacks
  3 steam dragons (Lair:5)
  12 vampire mosquitoes
  6 basilisks
  10 chaos spawn
  A warg (Vaults:5)
  10 spatial vortices
  16 neqoxecs
  Menkaure (D:4)
  5 death yak simulacra (IceCv)
  2 naga zombies
  26 harpy simulacra
  Edmund (D:4)
  11 swamp worms
  An acid dragon (D:14)
  10 water moccasins
  3 hydra simulacra
  3 floating eyes
  22 small abominations
  5 swamp drakes
  15 hell hounds
  2 naga skeletons
  An ice beast (D:7)
  A cane toad skeleton (Crypt:2)
  39 orc warriors
  3 ettin simulacra
  12 centaurs
  A black mamba simulacrum (Crypt:1)
  2 ogres
  31 wolves
  A komodo dragon skeleton (Crypt:1)
  8 bullfrogs
  5 necrophages
  A gnoll sergeant (D:7)
  3 scorpions
  4 cane toad simulacra (IceCv)
  2 earth elementals
  A human skeleton (Vaults:2)
  13 wights
  31 killer bees
  6 elephant simulacra (IceCv)
  A warg skeleton (Crypt:1)
  3 howler monkeys
  3 electric eels (D:14)
  4 lava snakes (Lair:5)
  A wolf zombie (Crypt:1)
  4 crimson imps
  27 orc priests
  2 quasits (Abyss:3)
  Crazy Yiuf (D:6)
  2 gnoll boudas
  5 hounds
  9 jellies
  3 iguanas
  An iron imp (Abyss:3)
  A black bear skeleton (Crypt:2)
  32 orc wizards
  Terence (D:3)
  2 polar bear simulacra (IceCv)
  A troll simulacrum (IceCv)
  A killer bee zombie (Crypt:2)
  3 wolf simulacra (IceCv)
  38 mummies
  13 gnolls
  4 adders
  5 naga simulacra
  A swamp drake skeleton (Crypt:1)
  A shadow imp (D:6)
  7 white imps
  4 ufetubi
  2 worms
  A dart slug (D:1)
  82 orcs
  9 ball pythons
  19 endoplasms
  5 giant cockroaches
  11 goblins
  7 hobgoblins
  7 kobolds
  A quokka (D:1)
  6 bats
  2 frilled lizards (D:3)
  A kobold skeleton (Crypt:2)
  A kobold zombie (Crypt:1)
  3 rats
  6 creeping infernos
  15 fire vortices
  4 lurking horrors
  15 starspawn tentacles
4080 creatures vanquished.

Vanquished Creatures (collateral kills)
  A royal mummy (Tomb:1)
  A shard shrike (Coc:7)
  2 Hell Sentinels (Dis:7)
  A titan (Coc:3)
  A tengu reaver (Vaults:5)
  A black draconian (Zot:1)
  2 white draconians
  A hydra (Lair:5)
  A deep troll shaman (Depths:4)
  A deep troll earth mage (Depths:4)
  A thrashing horror (Abyss:6)
  A wretched star (Abyss:6)
  A skeletal warrior (Crypt:2)
  A goliath frog (Swamp:4)
  A shadow demon (Abyss:6)
  A wizard (Depths:2)
  A swamp dragon (Swamp:4)
  A lindwurm (Swamp:4)
  An orc knight (Bailey)
  An orc sorcerer (Orc:2)
  A moth of wrath (Zot:3)
  2 naga skeletons
  A centaur skeleton (Crypt:2)
  An ice devil (IceCv)
  2 yaks
  A water moccasin (D:9)
  2 orc warriors
  A gnoll sergeant (D:10)
  An iguana (D:5)
  An orc wizard (Orc:2)
  A hound zombie (Crypt:2)
  A gnoll (D:10)
  4 orcs
41 creatures vanquished.

Vanquished Creatures (others)
  2 shard shrike simulacra (Coc:7)
  A war gargoyle (Dis:7)
  2 caustic shrike simulacra
  A juggernaut simulacrum (Coc:5)
  5 dancing weapons
  3 death scarabs (Tomb:2)
  A deep elf knight (Elf:2)
  A skyshark (Elf:2)
  A quicksilver dragon simulacrum (Coc:5)
  A spriggan simulacrum (Coc:2)
  A slime creature (Vaults:2)
  An ice devil (Hell)
  An iron giant simulacrum (Coc:7)
  A meliai (Spider:1)
  3 bloated husks
  2 hellwings (Pan)
  A raiju (Abyss:3)
  A flying skull (Crypt:3)
  A centaur simulacrum (Coc:2)
  A dire elephant simulacrum (Coc:7)
  A human (D:12)
  A fire bat (Pan)
  3 harpy simulacra
  A small abomination (Abyss:3)
  A hell hound (Elf:2)
  5 ball lightnings (Pan)
  4 creeping infernos
  2 fire vortices
  6 foxfires (Abyss:4)
  4 lurking horrors
  A spectral weapon (Swamp:4)
  19 starspawn tentacles
79 creatures vanquished.

Grand Total: 4200 creatures vanquished

Notes
Turn   | Place    | Note
-------+----------+-------------------------------------------
     0 | D:1      | Xavori the Octopode Chaos Knight began the quest for the
                  | Orb.
     0 | D:1      | Reached XP level 1. HP: 16/16 MP: 1/1
    46 | D:1      | XOM: silly message
    83 | D:1      | Reached XP level 2. HP: 19/21 MP: 2/2
   249 | D:1      | Reached XP level 3. HP: 10/26 MP: 3/3
   346 | D:1      | XOM: noise
  1443 | D:1      | XOM: divination: detect items
  1470 | D:1      | XOM: noise
  1575 | D:1      | XOM: divination: detect creatures
  2718 | D:1      | XOM: give mutations
  2718 | D:1      | Gained mutation: You possess an exceptional clarity of
                  | mind. [Xom's grace]
  2718 | D:1      | Gained mutation: You are partially covered in iridescent
                  | scales. (AC +2) [Xom's grace]
  3065 | D:1      | XOM: cloud trail
  3222 | D:1      | XOM: give mutations
  3222 | D:1      | Gained mutation: You are covered in fur. (AC +1) [Xom's
                  | grace]
  3222 | D:1      | Gained mutation: One of your tentacles bears a spike.
                  | [Xom's grace]
  3222 | D:1      | Gained mutation: You are partially covered in large bone
                  | plates. (SH +4) [Xom's grace]
  3222 | D:1      | Gained mutation: Your system is resistant to poisons.
                  | (rPois) [Xom's grace]
  3473 | D:1      | XOM: give mutations
  3473 | D:1      | Gained mutation: Your flesh is heat resistant. (rF+) [Xom's
                  | grace]
  3473 | D:1      | Gained mutation: Your muscles are strong. (Str +4, Int/Dex
                  | -1) [Xom's grace]
  3473 | D:1      | Gained mutation: Your spells are a little harder to cast,
                  | but a little more powerful. [Xom's grace]
  3603 | D:2      | Identified the staff of the Incandescent {rElec rPois rC-
                  | Str+5 Air}
  3630 | D:2      | XOM is BORED!
  3630 | D:2      | XOM: noise
  3696 | D:2      | Reached skill level 1 in Stealth
  4099 | D:2      | XOM: god gift: 20 gold pieces
  4185 | D:3      | XOM is BORED!
  4185 | D:3      | XOM: stat loss: -2 Dex (10/12)
  4220 | D:3      | XOM: give mutations
  4220 | D:3      | Lost mutation: You are partially covered in large bone
                  | plates. (SH +4) [Xom's mischief]
  4220 | D:3      | Lost mutation: Your spells are a little harder to cast, but
                  | a little more powerful. [Xom's mischief]
  4220 | D:3      | Gained mutation: You are clumsy. (Dex -2) [Xom's mischief]
  4473 | D:2      | XOM: give mutation
  4473 | D:2      | Lost mutation: Your system is resistant to poisons. (rPois)
                  | [Xom's mischief]
  4603 | D:2      | XOM: silly message
  4612 | D:2      | XOM: give mutation
  4612 | D:2      | Gained mutation: You are strong-willed. (Will+) [Xom's
                  | mischief]
  5196 | D:2      | XOM: stat loss: -1 Str (14/15)
  5229 | D:2      | XOM: give mutations
  5229 | D:2      | Lost mutation: One of your tentacles bears a spike. [Xom's
                  | mischief]
  5229 | D:2      | Lost mutation: You possess an exceptional clarity of mind.
                  | [Xom's mischief]
  6047 | D:2      | XOM is BORED!
  6047 | D:2      | XOM: give mutations
  6047 | D:2      | Lost mutation: You are clumsy. (Dex -2) [Xom's mischief]
  6047 | D:2      | Gained mutation: You expend magic power (3 MP) to
                  | strengthen your wands. [Xom's mischief]
  6119 | D:2      | XOM: summons 2 hostile demons
  6379 | D:3      | XOM: summons 1 hostile demon
  6519 | D:2      | XOM: noise
  6679 | D:2      | XOM: give mutations
  6679 | D:2      | Gained mutation: You have an increased reservoir of magic.
                  | (+10% MP) [Xom's grace]
  6679 | D:2      | Gained mutation: You are resistant to electric shocks.
                  | (rElec) [Xom's grace]
  6679 | D:2      | Gained mutation: You are mostly covered in iridescent
                  | scales. (AC +4) [Xom's grace]
  6679 | D:2      | Gained mutation: Your mind is acute. (Int +4, Str/Dex -1)
                  | [Xom's grace]
  6692 | D:2      | XOM: give mutation
  6692 | D:2      | Lost mutation: Your muscles are strong. (Str +4, Int/Dex
                  | -1) [Xom's mischief]
  6869 | D:2      | XOM: summons 2 hostile demons
  7803 | D:2      | XOM: give mutations
  7803 | D:2      | Lost mutation: You are strong-willed. (Will+) [Xom's
                  | mischief]
  7803 | D:2      | Gained mutation: You occasionally lose the ability to read
                  | scrolls when taking damage. [Xom's mischief]
  7803 | D:2      | Gained mutation: You are somewhat resistant to further
                  | mutation. [Xom's mischief]
  7803 | D:2      | Lost mutation: You are resistant to electric shocks.
                  | (rElec) [Xom's mischief]
  8206 | D:2      | XOM: god gift: 46 gold pieces
  8381 | D:2      | XOM: torment (15/27 hp)
  8788 | D:2      | XOM is BORED!
  9453 | D:2      | XOM: summons 2 hostile demons
  9493 | D:3      | XOM: give mutations
  9493 | D:3      | Gained mutation: You are partially covered in large bone
                  | plates. (SH +4) [Xom's grace]
  9493 | D:3      | Gained mutation: You have supernaturally acute eyesight.
                  | (SInv) [Xom's grace]
 10234 | D:2      | XOM: give mutation
 10234 | D:2      | Lost mutation: You are somewhat resistant to further
                  | mutation. [Xom's grace]
 10234 | D:2      | Gained mutation: You have hidden genetic potential. [Xom's
                  | grace]
 10560 | D:3      | Reached XP level 4. HP: 33/33 MP: 4/4
 10644 | D:3      | Gained mutation: Your spells are a little harder to cast,
                  | but a little more powerful. [hidden potential]
 10722 | D:3      | Noticed Terence
 10734 | D:3      | Killed Terence
 10735 | D:3      | Reached XP level 5. HP: 31/37 MP: 1/5
 10993 | D:4      | Gained mutation: You have great hidden genetic potential.
                  | [hidden potential]
 10993 | D:4      | Lost mutation: You have great hidden genetic potential.
                  | [hidden potential expressed]
 11078 | D:4      | Noticed Edmund
 11086 | D:4      | XOM: cleaving
 11091 | D:4      | XOM: scenery: create altars
 11098 | D:4      | Killed Edmund
 11099 | D:4      | Reached skill level 5 in Stealth
 11099 | D:4      | Reached XP level 6. HP: 25/43 MP: 2/6
 11118 | D:4      | Gained mutation: Your system is resistant to poisons.
                  | (rPois) [hidden potential]
 11196 | D:4      | Noticed Menkaure
 11202 | D:4      | Killed Menkaure
 11209 | D:4      | Reached XP level 7. HP: 48/48 MP: 2/7
 11259 | D:4      | Gained mutation: One of your tentacles bears a spike.
                  | [hidden potential]
 11259 | D:4      | Lost mutation: You have hidden genetic potential. [hidden
                  | potential expressed]
 11310 | D:4      | XOM: 1-stop teleportation journey
 11315 | D:4      | XOM: 1-stop teleportation journey
 11323 | D:4      | XOM: confuse monster(s)
 11819 | D:5      | Entered Level 5 of the Dungeon
 11856 | D:5      | XOM: summons 7 friendly demons
 11983 | D:5      | Reached skill level 5 in Short Blades
 11994 | D:5      | XOM: give mutations
 11994 | D:5      | Gained mutation: You are strong-willed. (Will+) [Xom's
                  | grace]
 11994 | D:5      | Gained mutation: You have very sharp teeth. [Xom's grace]
 11994 | D:5      | Gained mutation: One of your tentacles bears a nasty spike.
                  | [Xom's grace]
 12085 | D:5      | Found a transporter.
 12088 | D:5      | Noticed MisterAzrael's ghost (novice DrSh)
 12090 | D:5      | Found a transporter.
 12315 | D:6      | Found a staircase to the Ecumenical Temple.
 12356 | D:6      | Found a radiant altar of Vehumet.
 12359 | D:6      | Found a shadowy altar of Dithmenos.
 12362 | D:6      | Found a glowing silver altar of Zin.
 12403 | D:6      | Found a hazy altar of Hepliaklqana.
 12409 | D:6      | Reached skill level 1 in Shapeshifting
 12412 | D:6      | Reached skill level 1 in Shields
 12412 | D:6      | Reached XP level 8. HP: 51/54 MP: 2/8
 12592 | D:6      | Found a runed translucent door.
 12593 | D:6      | Noticed Crazy Yiuf
 12785 | D:6      | XOM: divination: detect creatures
 12827 | D:6      | Identified the ring "Ebrogor" {rPois rCorr Int-3 Slay+6
                  | SInv} (Xom gifted it to you on level 6 of the Dungeon)
 12827 | D:6      | XOM: god gift: ring "Ebrogor" {rPois rCorr Int-3 Slay+6
                  | SInv}
 13025 | D:6      | XOM: butterfly on damage
 13167 | D:6      | Found a sparkling altar of Nemelex Xobeh.
 13248 | D:6      | Killed Crazy Yiuf
 13283 | D:6      | XOM is BORED!
 13456 | D:7      | Noticed an unseen horror
 13464 | D:7      | Killed an unseen horror
 13465 | D:7      | Reached skill level 5 in Fighting
 13465 | D:7      | Reached skill level 10 in Stealth
 13465 | D:7      | Reached XP level 9. HP: 53/61 MP: 3/9
 13519 | D:7      | Noticed Pikel
 13529 | D:7      | Killed Pikel
 13557 | D:7      | XOM: summons 5 friendly demons
 13881 | D:7      | XOM: scenery: create altars
 13974 | D:7      | XOM: god gift: 1145 gold pieces
 14157 | D:8      | Noticed a centaur warrior
 14238 | D:8      | Killed a centaur warrior
 14239 | D:8      | Reached XP level 10. HP: 32/68 MP: 3/11
 14449 | D:8      | Reached skill level 5 in Dodging
 14542 | D:8      | XOM: give mutations
 14542 | D:8      | Gained mutation: You are completely covered in iridescent
                  | scales. (AC +6) [Xom's grace]
 14542 | D:8      | Gained mutation: You are resistant to electric shocks.
                  | (rElec) [Xom's grace]
 14542 | D:8      | Gained mutation: You passively map a small area around you.
                  | [Xom's grace]
 14551 | D:8      | XOM: cloud trail
 14633 | D:8      | XOM: give mutations
 14633 | D:8      | Lost mutation: You are partially covered in large bone
                  | plates. (SH +4) [Xom's mischief]
 14633 | D:8      | Lost mutation: You have an increased reservoir of magic.
                  | (+10% MP) [Xom's mischief]
 14670 | D:8      | XOM: 2-stop teleportation journey
 14902 | D:8      | You fall into a shaft and drop 1 floor!
 15111 | D:8      | Found a glowing golden altar of the Shining One.
 15175 | D:8      | XOM: summons 6 hostile demons
 15268 | D:8      | XOM: draining
 15456 | D:8      | XOM: blink monster(s)
 15551 | D:9      | XOM: repel stairs
 15577 | D:9      | XOM: fog
 15693 | D:9      | XOM: smoke on damage
 15735 | D:9      | XOM: 2-stop teleportation journey
 15817 | D:9      | XOM: summons 10 friendly demons
 15850 | D:9      | Found a staircase to the Lair.
 15900 | D:9      | XOM: noise
 15983 | D:9      | Noticed a two-headed ogre
 15985 | D:9      | XOM: 2-stop teleportation journey
 16021 | D:9      | XOM: enchant monster (good)
 16078 | D:9      | XOM: cloud trail
 16136 | D:9      | Killed a two-headed ogre
 16207 | D:9      | XOM is BORED!
 16207 | D:9      | XOM: noise
 16338 | D:10     | XOM: stealth player
 16338 | D:10     | Entered Level 10 of the Dungeon
 16417 | D:10     | Reached skill level 5 in Shapeshifting
 16419 | D:10     | Reached XP level 11. HP: 75/75 MP: 3/11
 16490 | D:10     | Found a flagged portal.
 16506 | Bailey   | Entered a bailey
 16558 | Bailey   | XOM: fog
 16563 | Bailey   | XOM: summons friendly shadow imp
 16657 | Bailey   | Noticed an orc knight
 16659 | Bailey   | XOM: cast spell 'Summon Mana Viper'
 16664 | Bailey   | Killed an orc knight
 16828 | D:10     | XOM: cloud trail
 16868 | D:10     | XOM: draining
 16991 | D:10     | Found a staircase to the Orcish Mines.
 17002 | D:10     | XOM: 7-stop teleportation journey
 17152 | D:10     | Found an ornate altar of the Wu Jian Council.
 17275 | D:10     | XOM: summons 1 hostile demon
 17524 | D:11     | Noticed a two-headed ogre
 17533 | D:11     | Killed a two-headed ogre
 17541 | D:11     | Reached skill level 1 in Evocations
 17543 | D:11     | XOM: 2-stop teleportation journey
 17620 | D:11     | Noticed a cyclops
 17628 | D:11     | Killed a cyclops
 17704 | D:11     | XOM: smoke on damage
 17704 | D:11     | XOM: torment (39/76 hp)
 17973 | D:9      | XOM: scenery: create altars
 17978 | Lair:1   | Entered Level 1 of the Lair of Beasts
 17998 | Lair:1   | XOM: summons 4 friendly demons
 18011 | Lair:1   | XOM: destruction
 18375 | D:9      | Lost mutation: You are completely covered in iridescent
                  | scales. (AC +6) [potion of mutation]
 18375 | D:9      | Lost mutation: One of your tentacles bears a nasty spike.
                  | [potion of mutation]
 18375 | D:9      | Lost mutation: You are covered in fur. (AC +1) [potion of
                  | mutation]
 18375 | D:9      | Gained mutation: Your spells are harder to cast, but more
                  | powerful. [potion of mutation]
 18419 | Lair:1   | XOM: chaos cloud
 18421 | Lair:1   | XOM: enchant monster (bad)
 18422 | Lair:1   | XOM: silly message
 18426 | Lair:1   | Paralysed by you for 2 turns
 18519 | D:9      | XOM: stat loss: -1 Str (9/10)
 18606 | Lair:1   | XOM: give mutation
 18606 | Lair:1   | Lost mutation: One of your tentacles bears a spike. [Xom's
                  | mischief]
 18811 | Lair:1   | XOM: noise
 18819 | Lair:1   | XOM: summons 1 hostile shadow creature
 18843 | Lair:1   | Reached XP level 12. HP: 58/82 MP: 4/12
 18869 | Lair:1   | Reached skill level 5 in Shields
 18880 | Lair:1   | XOM: confuse monster(s)
 18889 | Lair:1   | XOM: enchant monster (bad)
 19105 | Lair:1   | XOM: 1-stop teleportation journey
 19322 | Lair:1   | Noticed Erica
 19326 | Lair:1   | XOM: summons 12 friendly demons
 19333 | Lair:1   | Killed Erica
 19606 | Lair:1   | XOM: summons friendly quasit
 19633 | Lair:1   | XOM: summons 3 hostile demons
 19792 | Lair:1   | XOM: divination: magic mapping
 20057 | Lair:2   | Noticed a six-headed hydra
 20064 | Lair:2   | XOM: confuse monster(s)
 20065 | Lair:2   | XOM: cast spell 'Summon Cactus Giant'
 20069 | Lair:2   | Killed a six-headed hydra
 20480 | Lair:2   | XOM: give mutations
 20480 | Lair:2   | Gained mutation: You have a pair of small antennae on your
                  | head. [Xom's grace]
 20480 | Lair:2   | Gained mutation: Your spells are much harder to cast, but
                  | much more powerful. [Xom's grace]
 20480 | Lair:2   | Gained mutation: You are partially covered in large bone
                  | plates. (SH +4) [Xom's grace]
 20764 | Lair:3   | Found a staircase to the Swamp.
 20766 | Lair:3   | XOM: confuse monster(s)
 20771 | Lair:3   | Reached skill level 5 in Evocations
 20796 | Lair:3   | XOM: cleaving
 20810 | Lair:3   | Reached XP level 13. HP: 82/90 MP: 4/13
 20936 | Lair:3   | XOM: scenery: summon butterflies
 20938 | Lair:3   | XOM: cast spell 'Chain of Chaos'
 20969 | Lair:3   | Reached skill level 15 in Stealth
 21096 | Lair:3   | Found a hole to the Spider Nest.
 21534 | Lair:3   | XOM: give mutations
 21534 | Lair:3   | Gained mutation: You are completely covered in iridescent
                  | scales. (AC +6) [Xom's grace]
 21534 | Lair:3   | Gained mutation: You have hidden genetic potential. [Xom's
                  | grace]
 21534 | Lair:3   | Gained mutation: You passively dampen the noise of your
                  | surroundings. [Xom's grace]
 21534 | Lair:3   | Gained mutation: A frigid envelope surrounds you and
                  | freezes all who hurt you. [Xom's grace]
 21641 | Lair:3   | XOM: silly message
 22019 | Lair:4   | XOM: silly message
 22123 | Lair:4   | XOM: noise
 22142 | Lair:4   | XOM: confusion (+ monsters)
 22152 | Lair:4   | XOM: scenery: summon butterflies
 22189 | Lair:4   | XOM: confuse monster(s)
 22196 | Lair:4   | XOM: repel stairs
 22201 | Lair:4   | XOM: 1-stop teleportation journey
 22265 | Lair:4   | Identified 2 scrolls of acquirement
 22266 | Lair:4   | Acquired the +7 tower shield "Qykugec" {Slay+5}
 22339 | Lair:4   | Reached skill level 10 in Short Blades
 22440 | Lair:4   | XOM: enchant monster (good)
 22600 | Lair:4   | XOM: give mutations
 22600 | Lair:4   | Lost mutation: You have supernaturally acute eyesight.
                  | (SInv) [Xom's mischief]
 22600 | Lair:4   | Lost mutation: You expend magic power (3 MP) to strengthen
                  | your wands. [Xom's mischief]
 22600 | Lair:4   | Lost mutation: You are completely covered in iridescent
                  | scales. (AC +6) [Xom's mischief]
 22600 | Lair:4   | Lost mutation: You have a pair of small antennae on your
                  | head. [Xom's mischief]
 22742 | Lair:4   | XOM: divination: magic mapping
 22914 | Lair:5   | Entered Level 5 of the Lair of Beasts
 22921 | Lair:5   | Acquired 747 gold pieces
 22977 | Lair:5   | Found a viscous altar of Jiyva.
 22979 | Lair:5   | Found a staircase to the Slime Pits.
 23012 | Lair:5   | Reached skill level 1 in Unarmed Combat
 23049 | Lair:5   | XOM: cast spell 'Summon Horrible Things'
 23075 | Lair:5   | XOM: 1-stop teleportation journey
 23078 | Lair:5   | XOM: 10-stop teleportation journey
 23160 | Lair:5   | Found a frozen archway.
 23168 | IceCv    | Entered an ice cave
 23187 | IceCv    | XOM: summons friendly ufetubus
 23286 | IceCv    | XOM: fog
 23287 | IceCv    | XOM: cleaving
 23437 | IceCv    | XOM: give mutations
 23437 | IceCv    | Gained mutation: Your muscles are strong. (Str +4, Int/Dex
                  | -1) [Xom's grace]
 23437 | IceCv    | Lost mutation: You have hidden genetic potential. [Xom's
                  | grace]
 23437 | IceCv    | Gained mutation: You are somewhat resistant to further
                  | mutation. [Xom's grace]
 23437 | IceCv    | Lost mutation: You are somewhat resistant to further
                  | mutation. [Xom's grace]
 23437 | IceCv    | Gained mutation: You have hidden genetic potential. [Xom's
                  | grace]
 23437 | IceCv    | Gained mutation: You have great hidden genetic potential.
                  | [Xom's grace]
 23457 | IceCv    | XOM: fake destruction
 23469 | IceCv    | Found an ancient bone altar of Kikubaaqudgha.
 23469 | IceCv    | XOM: 2-stop teleportation journey
 23479 | IceCv    | Reached XP level 14. HP: 83/98 MP: 4/14
 23544 | IceCv    | XOM: cast spell 'Death Channel'
 23567 | IceCv    | XOM: fog
 23760 | IceCv    | XOM: blink monster(s)
 23764 | IceCv    | XOM: give mutations
 23764 | IceCv    | Lost mutation: You are mostly covered in iridescent scales.
                  | (AC +4) [Xom's mischief]
 23764 | IceCv    | Lost mutation: You passively dampen the noise of your
                  | surroundings. [Xom's mischief]
 23764 | IceCv    | Lost mutation: You are resistant to electric shocks.
                  | (rElec) [Xom's mischief]
 23836 | IceCv    | XOM: swap monsters
 24184 | Lair:5   | XOM: 2-stop teleportation journey
 24203 | Lair:5   | Reached skill level 10 in Fighting
 24269 | Lair:5   | XOM: enchant monster (bad)
 24273 | Lair:5   | XOM: stat loss: -1 Str (13/14)
 24279 | Lair:5   | XOM: torment (51/99 hp)
 24280 | Lair:5   | XOM: enchant monster (bad)
 24289 | Lair:5   | XOM: 2-stop teleportation journey
 24297 | Lair:5   | XOM: draining
 24586 | Lair:5   | XOM: stat loss: -1 Str (12/14)
 24591 | Lair:5   | XOM: summons 3 hostile shadow creatures
 24750 | Lair:5   | XOM: give mutations
 24750 | Lair:5   | Lost mutation: You passively map a small area around you.
                  | [Xom's mischief]
 24750 | Lair:5   | Lost mutation: Your mind is acute. (Int +4, Str/Dex -1)
                  | [Xom's mischief]
 24752 | Lair:5   | Found a large runed translucent door.
 24752 | Lair:5   | Found a large runed translucent door.
 24764 | Lair:5   | XOM: blink monster(s)
 24768 | Lair:5   | XOM: enchant monster (bad)
 24998 | Lair:2   | XOM: give mutations
 24998 | Lair:2   | Lost mutation: You are partially covered in iridescent
                  | scales. (AC +2) [Xom's mischief]
 24998 | Lair:2   | Lost mutation: A frigid envelope surrounds you and freezes
                  | all who hurt you. [Xom's mischief]
 24998 | Lair:2   | Lost mutation: You are strong-willed. (Will+) [Xom's
                  | mischief]
 25121 | Orc:1    | Entered Level 1 of the Orcish Mines
 25646 | Orc:2    | Entered Level 2 of the Orcish Mines
 25799 | Orc:2    | XOM: 1-stop teleportation journey
 25806 | Orc:2    | XOM: silly message
 25864 | Orc:2    | XOM: enchant monster (bad)
 25868 | Orc:2    | XOM: summons 8 hostile demons
 26158 | Orc:1    | XOM: give mutations
 26158 | Orc:1    | Lost mutation: Your spells are much harder to cast, but
                  | much more powerful. [Xom's mischief]
 26158 | Orc:1    | Lost mutation: Your muscles are strong. (Str +4, Int/Dex
                  | -1) [Xom's mischief]
 26158 | Orc:1    | Lost mutation: You are partially covered in large bone
                  | plates. (SH +4) [Xom's mischief]
 26158 | Orc:1    | Lost mutation: Your spells are harder to cast, but more
                  | powerful. [Xom's mischief]
 26161 | Orc:2    | XOM: silly message
 26407 | Orc:1    | XOM: 1-stop teleportation journey
 26422 | Orc:1    | XOM: confusion
 26451 | Orc:1    | XOM: 1-stop teleportation journey
 26463 | Orc:1    | Gained mutation: You are agile. (Dex +4, Str/Int -1)
                  | [hidden potential]
 26807 | Orc:1    | XOM: noise
 26957 | Orc:2    | XOM: confuse monster(s)
 26997 | Orc:1    | XOM: 2-stop teleportation journey
 27010 | Orc:2    | XOM: polymorph orc wizard -> swamp drake
 27026 | Orc:2    | XOM: summons friendly crimson imp
 27128 | Orc:1    | XOM: god gift: staff of cold
 27132 | Orc:2    | XOM: potion effect (berserk rage)
 27179 | Orc:2    | XOM: summons friendly smoke demon
 27204 | Orc:2    | Paralysed by an orc sorcerer for 5 turns
 27233 | Orc:2    | Found a staircase to the Elven Halls.
 27233 | Orc:2    | XOM: scenery: create altars
 27332 | Orc:2    | Found Vafimidd's General Store.
 27334 | Orc:2    | Reached skill level 10 in Shields
 27364 | Orc:2    | Found Tutarusyh's General Store.
 27364 | Orc:2    | Found Ycut's Antique Weapon Shoppe.
 27368 | Orc:2    | Found Exkotilueb's Antique Armour Emporium.
 27371 | Orc:2    | Bought a potion of berserk rage for 50 gold pieces
 27371 | Orc:2    | Bought a potion of resistance for 100 gold pieces
 27373 | Orc:2    | Bought a scroll of enchant weapon for 90 gold pieces
 27373 | Orc:2    | Bought a scroll of revelation for 90 gold pieces
 27373 | Orc:2    | Bought a scroll of enchant weapon for 90 gold pieces
 27373 | Orc:2    | Bought a phantom mirror for 480 gold pieces
 27740 | D:12     | XOM: give mutations
 27740 | D:12     | Gained mutation: You are partially covered in iridescent
                  | scales. (AC +2) [Xom's grace]
 27740 | D:12     | Lost mutation: You have very sharp teeth. [Xom's grace]
 27740 | D:12     | Gained mutation: You have a beak for a mouth. [Xom's grace]
 27740 | D:12     | Gained mutation: You are partially covered in large bone
                  | plates. (SH +4) [Xom's grace]
 27740 | D:12     | Gained mutation: You are robust. (+10% HP) [Xom's grace]
 27750 | D:12     | XOM: scenery: 1 doors open
 27799 | D:12     | Noticed Jorgrun
 27799 | D:12     | Found a gate leading to a gauntlet.
 27799 | D:12     | XOM: 3-stop teleportation journey
 27820 | Gauntlet | Entered a Gauntlet
 27820 | Gauntlet | Found a transporter.
 27820 | Gauntlet | Found a transporter.
 27822 | Gauntlet | Found a transporter.
 27823 | Gauntlet | Found a transporter.
 27847 | Gauntlet | Found a large runed translucent door.
 27848 | Gauntlet | Found a large runed translucent door.
 27849 | Gauntlet | Found a large runed translucent door.
 27849 | Gauntlet | Found a large runed translucent door.
 27849 | Gauntlet | Found a large runed translucent door.
 27849 | Gauntlet | Found a large runed translucent door.
 27849 | Gauntlet | Found a large runed translucent door.
 27849 | Gauntlet | Found a large runed translucent door.
 27850 | Gauntlet | Found a runed translucent door.
 27850 | Gauntlet | Found a runed translucent gate.
 27851 | Gauntlet | Found a runed translucent gate.
 27851 | Gauntlet | Found a transporter.
 27851 | Gauntlet | Found a transporter.
 27852 | Gauntlet | Found a runed translucent door.
 27852 | Gauntlet | Found a runed translucent gate.
 27853 | Gauntlet | Found a transporter.
 27853 | Gauntlet | Found a transporter.
 27868 | Gauntlet | Found a transporter.
 27882 | Gauntlet | Found a transporter.
 27892 | Gauntlet | Found a transporter.
 27910 | Gauntlet | Found a transporter.
 27917 | Gauntlet | Found a large runed translucent door.
 27918 | Gauntlet | Found a large runed translucent door.
 27919 | Gauntlet | Found a large runed translucent door.
 27919 | Gauntlet | Found a large runed translucent door.
 27919 | Gauntlet | Found a large runed translucent door.
 27919 | Gauntlet | Found a large runed translucent door.
 27920 | Gauntlet | Found a large runed translucent door.
 27920 | Gauntlet | Found a large runed translucent door.
 27929 | Gauntlet | Found a transporter.
 27946 | Gauntlet | Found a transporter.
 28024 | Gauntlet | XOM: potion effect (haste)
 28039 | Gauntlet | Identified the +0 cloak "Fukehetul" {Rampage Stlth+}
 28051 | Gauntlet | XOM: scenery: create altars
 28055 | Gauntlet | Reached XP level 15. HP: 107/114 MP: 15/15
 28128 | Gauntlet | Identified the ring of Twilight {Wiz rElec rPois Str-2
                  | Int+2}
 28157 | Gauntlet | Identified the +0 leather armour "Temu Rupsa" {rC+ Will+
                  | Str-3 Int+2}
 28158 | Gauntlet | Got the Codex of Dark Rites
 28277 | D:12     | Noticed Kirke
 28284 | D:12     | Killed Kirke
 28496 | D:12     | XOM: cloud trail
 28570 | D:12     | Found Deduav's Mass Market.
 29083 | D:13     | XOM: polymorph kobold demonologist -> shapeshifter
 29084 | D:13     | XOM: cast spell 'Monstrous Menagerie'
 29110 | D:13     | Reached skill level 5 in Unarmed Combat
 29261 | D:13     | Found a shimmering blue altar of Sif Muna.
 29275 | D:13     | Got Sif Muna's Quarto of Concussion
 29316 | D:13     | Found Nepnedd's Book Boutique.
 29775 | D:14     | Gained mutation: You are very agile. (Dex +8, Str/Int -2)
                  | [hidden potential]
 29775 | D:14     | Lost mutation: You have great hidden genetic potential.
                  | [hidden potential expressed]
 29822 | D:14     | Found a gate to the Vaults.
 30351 | D:14     | XOM is BORED!
 30455 | D:15     | Entered Level 15 of the Dungeon
 30516 | D:15     | Found Rulicw's Book Emporium.
 30582 | D:15     | Reached skill level 10 in Dodging
 30685 | D:15     | Found Hujeg's Armour Boutique.
 30760 | D:15     | Found Luck's Assorted Antiques.
 30779 | D:15     | Bought a potion of curing for 96 gold pieces
 30779 | D:15     | Bought a large copper amulet for 160 gold pieces
 30836 | D:15     | Noticed Nessos
 30843 | D:15     | Killed Nessos
 30916 | D:15     | Found a staircase to the Depths.
 30917 | D:15     | XOM: divine lightning
 31020 | D:15     | XOM: 2-stop teleportation journey
 31083 | D:15     | Found Peacoasso's Armour Boutique.
 31202 | D:15     | Found Movir's Jewellery Shoppe.
 31205 | D:15     | Bought a +5 ring of evasion for 396 gold pieces
 31205 | D:15     | Bought a storm talisman for 1250 gold pieces
 31205 | D:15     | Bought a ring of protection from cold for 275 gold pieces
 31264 | Depths:1 | Entered Level 1 of the Depths
 31266 | Depths:1 | Reached XP level 16. HP: 123/123 MP: 16/16
 31269 | D:15     | XOM: fog
 31456 | D:12     | XOM: cloud trail
 31613 | Spider:1 | Entered Level 1 of the Spider Nest
 31652 | Spider:1 | XOM: scenery: create altars
 31718 | Spider:1 | XOM: divine lightning
 31900 | Spider:1 | XOM: summons 11 friendly demons
 32021 | Spider:1 | XOM: divination: magic mapping
 32024 | Spider:1 | XOM: fog
 32177 | Spider:1 | XOM: summons 6 hostile demons
 32215 | Spider:1 | XOM: give mutations
 32215 | Spider:1 | Lost mutation: You occasionally lose the ability to read
                  | scrolls when taking damage. [Xom's mischief]
 32215 | Spider:1 | Lost mutation: Your flesh is heat resistant. (rF+) [Xom's
                  | mischief]
 32215 | Spider:1 | Lost mutation: Your system is resistant to poisons. (rPois)
                  | [Xom's mischief]
 32215 | Spider:1 | Gained mutation: One of your tentacles bears a spike.
                  | [Xom's mischief]
 32546 | Spider:2 | Gained mutation: Your muscles are strong. (Str +4, Int/Dex
                  | -1) [hidden potential]
 32566 | Spider:2 | XOM: scenery: create altars
 32844 | Spider:2 | XOM: god gift: wand of light (4)
 33047 | Spider:2 | XOM: scenery: create altars
 33072 | Spider:2 | XOM: divination: detect items
 33242 | Spider:3 | XOM: enchant monster (good)
 33250 | Spider:3 | Reached skill level 10 in Shapeshifting
 33378 | Spider:3 | XOM: summons 3 hostile demons
 33473 | Spider:3 | XOM: summons 7 hostile demons
 33581 | Spider:3 | Reached XP level 17. HP: 129/130 MP: 17/17
 33598 | Spider:3 | XOM: smoke on damage
 33602 | Spider:3 | XOM: 1-stop teleportation journey
 33611 | Spider:3 | XOM: chaos cloud
 34209 | Spider:3 | XOM: stat loss: -1 Str (12/13)
 34637 | Spider:4 | Entered Level 4 of the Spider Nest
 34638 | Spider:4 | XOM: cleaving
 34687 | Spider:4 | Gained mutation: You possess an exceptional clarity of
                  | mind. [hidden potential]
 34687 | Spider:4 | Lost mutation: You have hidden genetic potential. [hidden
                  | potential expressed]
 34904 | Spider:4 | XOM: swap monsters
 34907 | Spider:4 | XOM: god gift: 715 gold pieces
 34970 | Spider:4 | Noticed Arachne
 34979 | Spider:4 | XOM: enchant monster (good)
 34983 | Spider:4 | XOM: potion effect (heal wounds)
 34991 | Spider:4 | Killed Arachne
 34993 | Spider:4 | XOM: cleaving
 35011 | Spider:4 | XOM: summons 3 friendly demons
 35132 | Spider:4 | XOM: confuse monster(s)
 35338 | Spider:4 | Got a gossamer rune of Zot
 35492 | Spider:4 | Reached skill level 15 in Shields
 35558 | Spider:4 | XOM: noise
 35599 | Spider:4 | XOM: noise
 35606 | Spider:4 | Reached XP level 18. HP: 138/138 MP: 18/18
 35850 | Spider:3 | XOM: give mutation
 35850 | Spider:3 | Lost mutation: You are partially covered in large bone
                  | plates. (SH +4) [Xom's mischief]
 35929 | Swamp:1  | Entered Level 1 of the Swamp
 35962 | Swamp:1  | XOM: 1-stop teleportation journey
 35999 | Swamp:1  | XOM: 2-stop teleportation journey
 36067 | Swamp:1  | Found an ornate altar of the Wu Jian Council.
 36111 | Swamp:1  | XOM: 2-stop teleportation journey
 36437 | Swamp:1  | XOM: silly message
 36513 | Swamp:1  | XOM: silly message
 36660 | Swamp:1  | XOM: divination: magic mapping
 37875 | Swamp:3  | XOM: give mutations
 37875 | Swamp:3  | Gained mutation: You have supernaturally acute eyesight.
                  | (SInv) [Xom's grace]
 37875 | Swamp:3  | Gained mutation: Your mind is acute. (Int +4, Str/Dex -1)
                  | [Xom's grace]
 37875 | Swamp:3  | Gained mutation: Your spells are harder to cast, but more
                  | powerful. [Xom's grace]
 37958 | Swamp:4  | XOM: stealth player
 37958 | Swamp:4  | Entered Level 4 of the Swamp
 38007 | Swamp:4  | Noticed Nikola
 38007 | Swamp:4  | XOM: 4-stop teleportation journey
 38010 | Swamp:4  | XOM: divination: detect items
 38014 | Swamp:4  | Killed Nikola
 38015 | Swamp:4  | XOM: cleaving
 38020 | Swamp:4  | XOM: cast spell 'Disjunction'
 38021 | Swamp:4  | XOM: polymorph five-headed hydra -> great orb of eyes
 38022 | Swamp:4  | Paralysed by a great orb of eyes for 3 turns
 38031 | Swamp:4  | XOM: fake destruction
 38068 | Swamp:4  | XOM: cleaving
 38159 | Swamp:4  | XOM: cast spell 'Metabolic Englaciation'
 38174 | Swamp:4  | XOM: scenery: create altars
 38176 | Swamp:4  | XOM: cleaving
 38273 | Swamp:4  | Reached XP level 19. HP: 143/147 MP: 19/19
 38316 | Swamp:4  | XOM: scenery: summon butterflies
 38322 | Swamp:4  | XOM: chaos upgrade
 38329 | Swamp:4  | XOM: polymorph butterfly -> endoplasm
 38364 | Swamp:4  | Got a decaying rune of Zot
 38510 | Swamp:4  | XOM: give mutation
 38510 | Swamp:4  | Lost mutation: One of your tentacles bears a spike. [Xom's
                  | mischief]
 38735 | D:15     | XOM: give mutations
 38735 | D:15     | Lost mutation: You are robust. (+10% HP) [Xom's mischief]
 38735 | D:15     | Gained mutation: Your mind is very acute. (Int +8, Str/Dex
                  | -2) [Xom's mischief]
 38778 | D:15     | XOM is BORED!
 38861 | D:15     | XOM: summons 3 hostile shadow creatures
 38939 | Depths:1 | XOM: noise
 39114 | Depths:1 | XOM: stat loss: -1 Dex (21/22)
 39460 | Depths:1 | XOM: 9-stop teleportation journey
 39470 | Depths:1 | XOM: give mutations
 39470 | Depths:1 | Lost mutation: Your spells are harder to cast, but more
                  | powerful. [Xom's mischief]
 39470 | Depths:1 | Gained mutation: Your magical capacity is low. (-10% MP)
                  | [Xom's mischief]
 39470 | Depths:1 | Lost mutation: Your spells are a little harder to cast, but
                  | a little more powerful. [Xom's mischief]
 39470 | Depths:1 | Lost mutation: Your muscles are strong. (Str +4, Int/Dex
                  | -1) [Xom's mischief]
 39479 | Depths:1 | Identified the +6 war axe "Plog" {flame, rCorr Str+3}
 39544 | Depths:1 | XOM: give mutations
 39544 | Depths:1 | Lost mutation: Your mind is very acute. (Int +8, Str/Dex
                  | -2) [Xom's mischief]
 39544 | Depths:1 | Gained mutation: Your muscles are strong. (Str +4, Int/Dex
                  | -1) [Xom's mischief]
 39549 | Depths:1 | Found a one-way gate to the infinite horrors of the Abyss.
 39561 | Depths:1 | XOM: 3-stop teleportation journey
 39579 | Depths:1 | XOM: chaos upgrade
 39583 | Depths:1 | Found a one-way gate leading to the halls of Pandemonium.
 39583 | Depths:1 | Found a gateway to Hell.
 39824 | Depths:1 | Learned a level 2 spell: Blink
 39994 | Depths:1 | Found a runed translucent door.
 40010 | Depths:1 | XOM: swap monsters
 40021 | Depths:1 | Reached skill level 1 in Translocations
 40120 | Depths:1 | XOM: give mutations
 40120 | Depths:1 | Lost mutation: Your muscles are strong. (Str +4, Int/Dex
                  | -1) [Xom's mischief]
 40120 | Depths:1 | Lost mutation: You have supernaturally acute eyesight.
                  | (SInv) [Xom's mischief]
 40281 | Depths:1 | XOM: give mutations
 40281 | Depths:1 | Gained mutation: Your magical capacity is very low. (-20%
                  | MP) [Xom's mischief]
 40281 | Depths:1 | Lost mutation: You are very agile. (Dex +8, Str/Int -2)
                  | [Xom's mischief]
 40281 | Depths:1 | Lost mutation: You have a beak for a mouth. [Xom's
                  | mischief]
 40505 | Vaults:1 | Entered Level 1 of the Vaults
 40532 | Vaults:1 | XOM: silly message
 40577 | Vaults:1 | Noticed Donald
 40584 | Vaults:1 | Killed Donald
 40633 | Vaults:1 | Noticed Aizul
 40637 | Vaults:1 | XOM: scenery: 1 doors open, 3 doors close
 40646 | Vaults:1 | XOM: summons friendly crimson imp
 40652 | Vaults:1 | Killed Aizul
 40703 | Vaults:1 | XOM: god gift: 44 gold pieces
 40800 | Vaults:1 | XOM: 2-stop teleportation journey
 40855 | Vaults:1 | XOM: summons friendly ufetubus
 40862 | Vaults:1 | XOM: torment (50/135 hp)
 40871 | Vaults:1 | XOM: scenery: 1 doors open
 40877 | Vaults:1 | XOM: silly message
 40884 | Vaults:1 | Reached XP level 20. HP: 60/142 MP: 16/16
 40915 | Vaults:1 | XOM: 3-stop teleportation journey
 41015 | Vaults:1 | XOM: stat loss: -1 Dex (20/21)
 41403 | Vaults:1 | XOM: god gift: scroll of noise
 41482 | Vaults:1 | XOM: enchant monster (good)
 41483 | Vaults:1 | XOM: summons friendly crimson imp
 41762 | Vaults:2 | Found a transporter.
 41766 | Vaults:2 | Found Uvoog's Assorted Antiques.
 41870 | Vaults:2 | XOM: enchant monster (bad)
 41876 | Vaults:2 | XOM: chaos upgrade
 42078 | Vaults:2 | XOM: god gift: scroll of butterflies
 42155 | Vaults:2 | Found a basalt altar of Yredelemnul.
 42155 | Vaults:2 | Found a staircase to the Crypt.
 42155 | Vaults:2 | Found an ancient bone altar of Kikubaaqudgha.
 42155 | Vaults:2 | XOM: 4-stop teleportation journey
 42168 | Vaults:2 | XOM: god gift: scroll of enchant armour
 42312 | Vaults:2 | Found a transporter.
 42412 | Vaults:2 | XOM: divine lightning
 42413 | Vaults:2 | XOM: fog
 42535 | Vaults:2 | XOM: god gift: staff of earth
 42882 | Vaults:2 | Bought a scroll of revelation for 195 gold pieces
 42882 | Vaults:2 | Bought a potion of might for 104 gold pieces
 42882 | Vaults:2 | Bought a wand of iceblast (6) for 374 gold pieces
 42940 | Vaults:2 | XOM is BORED!
 43114 | Vaults:3 | XOM: give mutations
 43114 | Vaults:3 | Gained mutation: You are partially covered in large bone
                  | plates. (SH +4) [Xom's grace]
 43114 | Vaults:3 | Gained mutation: You expend magic power (3 MP) to
                  | strengthen your wands. [Xom's grace]
 43114 | Vaults:3 | Gained mutation: Your mind is very acute. (Int +8, Str/Dex
                  | -2) [Xom's grace]
 43114 | Vaults:3 | Gained mutation: You are mostly covered in iridescent
                  | scales. (AC +4) [Xom's grace]
 43172 | Vaults:3 | XOM: give mutations
 43172 | Vaults:3 | Gained mutation: You are robust. (+10% HP) [Xom's grace]
 43172 | Vaults:3 | Gained mutation: Your spells are a little harder to cast,
                  | but a little more powerful. [Xom's grace]
 43214 | Vaults:3 | Found Loth's Armour Shoppe.
 43221 | Vaults:3 | XOM: potion effect (brilliance)
 43509 | Vaults:3 | XOM: scenery: create altars
 43686 | Vaults:3 | Found Roifatad's Antique Armour Emporium.
 43777 | Vaults:3 | Reached XP level 21. HP: 163/163 MP: 16/16
 43777 | Vaults:3 | XOM: scenery: 1 doors close
 43778 | Vaults:3 | XOM: confuse monster(s)
 43779 | Vaults:3 | XOM: enchant monster (good)
 43928 | Vaults:3 | XOM: divination: magic mapping
 44076 | Vaults:3 | XOM: cloud trail
 44081 | Vaults:3 | XOM: noise
 44369 | Vaults:4 | XOM: summons 2 friendly demons
 44370 | Vaults:4 | XOM: enchant monster (good)
 44474 | Abyss:3  | Cast into level 3 of the Abyss (a wizard)
 44486 | Abyss:3  | Found a corrupted altar of Lugonu.
 44529 | Abyss:3  | XOM: noise
 44594 | Abyss:3  | XOM: potion effect (brilliance)
 44673 | Abyss:3  | Noticed a profane servitor
 44685 | Abyss:3  | Killed a profane servitor
 44685 | Abyss:3  | XOM: potion effect (heal wounds)
 44702 | Abyss:3  | Found a corrupted altar of Lugonu.
 44744 | Abyss:3  | Noticed a bone dragon
 44751 | Abyss:3  | XOM: potion effect (might)
 44760 | Abyss:3  | Killed a bone dragon
 44783 | Vaults:4 | Escaped the Abyss
 45007 | Vaults:4 | XOM: potion effect (haste)
 45150 | Vaults:4 | Found a runed translucent door.
 45150 | Vaults:4 | Noticed Reyb's ghost (veteran DsGl)
 45430 | Vaults:4 | XOM: potion effect (brilliance)
 45897 | Vaults:4 | Killed Reyb's ghost
 45907 | Vaults:4 | Identified the +1 scale mail of Compression {Fly rCorr}
 45943 | Vaults:5 | Entered Level 5 of the Vaults
 45953 | Vaults:4 | XOM: potion effect (haste)
 45977 | Vaults:4 | XOM: potion effect (might)
 45991 | Vaults:4 | XOM: potion effect (curing)
 46039 | Vaults:5 | XOM: enchant monster (good)
 46046 | Vaults:5 | XOM: enchant monster (good)
 46055 | Vaults:5 | Reached XP level 22. HP: 104/171 MP: 17/17
 46180 | Vaults:5 | Noticed Saint Roka
 46197 | Vaults:5 | XOM: chaos cloud
 46199 | Vaults:5 | Reached skill level 15 in Fighting
 46212 | Vaults:5 | Killed Saint Roka
 46301 | Vaults:5 | XOM: fake destruction
 46357 | Vaults:5 | XOM: blink monster(s)
 46373 | Vaults:5 | XOM: polymorph tengu reaver -> iron dragon
 46398 | Vaults:5 | XOM: blink monster(s)
 46650 | Vaults:5 | Noticed a golden dragon
 46659 | Vaults:5 | Killed a golden dragon
 46838 | Vaults:5 | Identified the ring of Onoren {rElec rPois rF- Slay+4}
 46911 | Vaults:5 | XOM: cleaving
 46933 | Vaults:5 | Noticed a golden dragon
 46947 | Vaults:5 | Killed a golden dragon
 47037 | Vaults:5 | XOM: god gift: leather armour {god gift}
 47038 | Vaults:5 | XOM: summons friendly quasit
 47048 | Vaults:5 | XOM: enchant monster (bad)
 47051 | Vaults:5 | XOM: swap monsters
 47313 | Vaults:5 | XOM: summons 10 friendly demons
 47314 | Vaults:5 | XOM: fog
 47317 | Vaults:5 | XOM: noise
 47364 | Vaults:5 | Identified the +2 mace "Beetleslayer" {heavy, *Noise rN+
                  | Str+9}
 47367 | Vaults:5 | Identified the ring of Qoumudgh {Fire rN+ Int+3 Slay-3}
 47663 | Vaults:5 | XOM: 6-stop teleportation journey
 47697 | Vaults:5 | Got a silver rune of Zot
 48030 | Elf:1    | Entered Level 1 of the Elven Halls
 48194 | Elf:1    | XOM: silly message
 48204 | Elf:1    | Reached skill level 15 in Shapeshifting
 48229 | Elf:1    | XOM: give mutations
 48229 | Elf:1    | Lost mutation: Your spells are a little harder to cast, but
                  | a little more powerful. [Xom's mischief]
 48229 | Elf:1    | Lost mutation: Your magical capacity is very low. (-20% MP)
                  | [Xom's mischief]
 48229 | Elf:1    | Lost mutation: You are mostly covered in iridescent scales.
                  | (AC +4) [Xom's mischief]
 48229 | Elf:1    | Lost mutation: You are robust. (+10% HP) [Xom's mischief]
 48264 | Elf:1    | Found Mearoug's Weapon Boutique.
 48427 | Elf:1    | Got the Elucidation of Trauma
 48873 | Elf:2    | XOM: repel stairs
 48907 | Elf:2    | XOM: 1-stop teleportation journey
 48913 | Elf:2    | XOM: enchant monster (bad)
 48918 | Elf:2    | Noticed Azrael
 48932 | Elf:2    | XOM: give mutations
 48932 | Elf:2    | Lost mutation: You are partially covered in large bone
                  | plates. (SH +4) [Xom's mischief]
 48932 | Elf:2    | Lost mutation: You are partially covered in iridescent
                  | scales. (AC +2) [Xom's mischief]
 48932 | Elf:2    | Gained mutation: You are frail. (-10% HP) [Xom's mischief]
 48939 | Elf:2    | Killed Azrael
 48943 | Elf:2    | XOM: noise
 48968 | Elf:2    | Reached XP level 23. HP: 135/145 MP: 20/20
 49014 | Elf:2    | Noticed Norris
 49016 | Elf:2    | XOM: chaos cloud
 49018 | Elf:2    | XOM: potion effect (haste)
 49021 | Elf:2    | XOM: 1-stop teleportation journey
 49140 | Elf:2    | XOM: swap monsters
 49150 | Elf:2    | Norris changed into Norris the titan
 49150 | Elf:2    | Noticed Norris
 49150 | Elf:2    | XOM: polymorph Norris -> Norris the titan
 49156 | Elf:2    | Killed Norris the titan
 49345 | Elf:2    | Found a runed translucent gate.
 49345 | Elf:2    | Found a runed translucent gate.
 49345 | Elf:2    | Found a runed translucent gate.
 49628 | Elf:2    | Found The Oracle's Delphic Readings.
 49910 | Elf:2    | XOM: give mutations
 49910 | Elf:2    | Lost mutation: You are frail. (-10% HP) [Xom's mischief]
 49910 | Elf:2    | Gained mutation: You are strong-willed. (Will+) [Xom's
                  | mischief]
 49932 | Elf:3    | Entered Level 3 of the Elven Halls
 49959 | Elf:3    | XOM: 2-stop teleportation journey
 50347 | Elf:3    | Paralysed by an air elemental for 1 turns
 50444 | Elf:3    | XOM: give mutation
 50444 | Elf:3    | Gained mutation: You passively dampen the noise of your
                  | surroundings. [Xom's mischief]
 50468 | Elf:3    | XOM: confuse monster(s)
 50481 | Elf:3    | XOM: destruction
 50552 | Elf:3    | Identified the ring of Qunonk {rC+ Slay+3 SInv Stlth+}
 50552 | Elf:3    | XOM: 2-stop teleportation journey
 50720 | Elf:3    | Found Ontiv's Assorted Antiques.
 50724 | Elf:3    | Found Gueh's Armour Shoppe.
 50726 | Elf:3    | Bought a scroll of teleportation for 99 gold pieces
 50816 | Elf:3    | Identified the +1 leather armour "Niymu" {rF+ rC- Str+3
                  | Int+2}
 50913 | Elf:3    | XOM: summons 11 friendly demons
 50944 | Elf:3    | Identified the ring "Ycraushann" {Fire *Slow Int-5 Dex+6}
 50960 | Elf:3    | XOM: enchant monster (good)
 51193 | Elf:3    | Identified the staff "Qibuibaf" {rF+ Int+7 Fire}
 51206 | Elf:3    | Got the Encyclopedia of the Foul Blaze
 51258 | Elf:3    | Got the Essays on Rallying
 51492 | D:14     | XOM: scenery: 2 fountains blood, 3 doors close
 51620 | Crypt:1  | Entered Level 1 of the Crypt
 51667 | Crypt:1  | XOM: smoke on damage
 51915 | Crypt:1  | Identified the staff of Corporal Punishment {Contam rC+
                  | Dex+4 Tloc Ice}
 51915 | Crypt:1  | Identified the ring of the Seeker {Ice Fly Int+3}
 51915 | Crypt:1  | Noticed Josephina
 51922 | Crypt:1  | Noticed Xtahua
 51922 | Crypt:1  | XOM: 2-stop teleportation journey
 51930 | Crypt:1  | Killed Xtahua
 51934 | Crypt:1  | XOM: noise
 52102 | Crypt:1  | XOM: 1-stop teleportation journey
 52136 | Crypt:1  | XOM: give mutation
 52136 | Crypt:1  | Gained mutation: You are somewhat resistant to further
                  | mutation. [Xom's grace]
 52270 | Crypt:1  | XOM: summons 16 friendly demons
 52283 | Crypt:1  | Killed Josephina
 52483 | Crypt:2  | XOM: scenery: create altars
 52518 | Crypt:2  | XOM: scenery: create altars
 52521 | Crypt:2  | XOM: summons friendly iron imp
 52651 | Crypt:2  | Identified the +3 flail of Drought {heavy, rC+ SInv}
 52704 | Crypt:2  | XOM: cleaving
 53029 | Crypt:2  | Noticed Boris
 53035 | Crypt:2  | Killed Boris
 53054 | Crypt:2  | Reached XP level 24. HP: 170/170 MP: 20/20
 53060 | Crypt:2  | XOM: confuse monster(s)
 53266 | Crypt:3  | Entered Level 3 of the Crypt
 53272 | Crypt:3  | XOM: give mutations
 53272 | Crypt:3  | Gained mutation: You have a beak for a mouth. [Xom's grace]
 53272 | Crypt:3  | Lost mutation: Your magical capacity is low. (-10% MP)
                  | [Xom's grace]
 53272 | Crypt:3  | Lost mutation: You have a beak for a mouth. [Xom's grace]
 53272 | Crypt:3  | Gained mutation: You have very sharp teeth. [Xom's grace]
 53320 | Crypt:3  | XOM: fog
 53331 | Crypt:3  | XOM: enchant monster (good)
 53431 | Crypt:3  | Found a basalt altar of Yredelemnul.
 53453 | Crypt:3  | XOM: fog
 53456 | Crypt:3  | XOM: summons friendly iron imp
 53651 | Crypt:3  | XOM: stat loss: -1 Str (9/10)
 53653 | Crypt:3  | XOM: cleaving
 53655 | Crypt:3  | XOM: confuse monster(s)
 53689 | Crypt:3  | XOM: scenery: 1 fountains blood, 3 doors open
 53760 | Crypt:3  | XOM: 5-stop teleportation journey
 53922 | Crypt:3  | XOM: god gift: staff of air
 53942 | Crypt:3  | XOM: enchant monster (bad)
 53978 | Crypt:3  | XOM: noise
 54074 | Crypt:3  | Identified the ring of Hutiap {rF+ rN+}
 54074 | Crypt:3  | Identified the ring "Jaurch" {rElec rN+ Will+}
 54074 | Crypt:3  | Identified the ring "Seluovu" {rPois rF+++ rC- rN+ Dex+3}
 54177 | Crypt:3  | XOM: silly message
 54299 | Crypt:3  | Identified the ring "Loisosoq" {Drain rC+ Str+3 Int+4}
 54351 | Crypt:3  | Found a staircase to the Tomb.
 54351 | Crypt:3  | Noticed Jory
 54357 | Crypt:3  | Killed Jory
 54358 | Crypt:3  | Found the dreamshard necklace {Acrobat *Dream}
 54400 | Crypt:3  | Got the Spellbook of Cryomancy
 54402 | Crypt:3  | XOM: noise
 54631 | Crypt:3  | Learned a level 4 spell: Manifold Assault
 54920 | Depths:2 | Found a flickering gateway to a bazaar.
 54961 | Bazaar   | Entered a bazaar
 54961 | Bazaar   | Found Kogiod's Antique Weapon Boutique.
 54961 | Bazaar   | Found Puyd's Armour Emporium.
 54961 | Bazaar   | Found Ciush's Distillery.
 54967 | Bazaar   | Found Cueloo's Book Shoppe.
 54967 | Bazaar   | Found Demycluo's Distillery.
 54969 | Bazaar   | Bought a potion of heal wounds for 65 gold pieces
 54969 | Bazaar   | Bought a potion of cancellation for 104 gold pieces
 54969 | Bazaar   | Bought a potion of curing for 39 gold pieces
 54981 | Bazaar   | Bought a potion of curing for 30 gold pieces
 54981 | Bazaar   | Bought a potion of haste for 100 gold pieces
 54981 | Bazaar   | Bought 2 potions of curing for 60 gold pieces
 54981 | Bazaar   | Bought a potion of curing for 30 gold pieces
 54981 | Bazaar   | Bought a potion of curing for 30 gold pieces
 54981 | Bazaar   | Bought a potion of mutation for 80 gold pieces
 54981 | Bazaar   | Bought a potion of mutation for 80 gold pieces
 54985 | Bazaar   | Bought a manual of Shields for 880 gold pieces
 55160 | Depths:2 | Found Jiymorha's Antique Armour Shoppe.
 55165 | Depths:2 | Noticed Louise
 55171 | Depths:2 | Killed Louise
 55182 | Depths:2 | XOM: give mutations
 55182 | Depths:2 | Gained mutation: You are vulnerable to heat. (rF-) [Xom's
                  | mischief]
 55182 | Depths:2 | Lost mutation: You are agile. (Dex +4, Str/Int -1) [Xom's
                  | mischief]
 55504 | Depths:2 | Found Iddec's Book Boutique.
 55512 | Depths:2 | Bought a manual of Shapeshifting for 1440 gold pieces
 55563 | Depths:2 | XOM: give mutations
 55563 | Depths:2 | Gained mutation: You occasionally lose the ability to read
                  | scrolls when taking damage. [Xom's mischief]
 55563 | Depths:2 | Lost mutation: You expend magic power (3 MP) to strengthen
                  | your wands. [Xom's mischief]
 55647 | Depths:2 | Noticed Frederick
 55664 | Depths:2 | XOM: polymorph wizard -> orb spider
 55674 | Depths:2 | Killed Frederick
 55681 | Depths:2 | XOM: scenery: summon butterflies
 55717 | Depths:2 | XOM: summons 5 friendly demons
 56121 | Vaults:1 | XOM: god gift: 2 silver javelins
 56353 | Depths:2 | XOM: cast spell 'Summon Ice Beast'
 56426 | Depths:2 | Reached skill level 1 in Spellcasting
 56449 | Depths:2 | Reached XP level 25. HP: 175/175 MP: 24/24
 56471 | Depths:2 | Reached skill level 5 in Translocations
 56541 | Depths:2 | XOM: cloud trail
 56553 | Depths:2 | XOM: fake destruction
 56768 | Depths:2 | Noticed a juggernaut
 56776 | Depths:2 | Killed a juggernaut
 56778 | Depths:2 | XOM: cast spell 'Summon Ice Beast'
 56779 | Depths:2 | XOM: fake destruction
 57126 | Depths:3 | XOM: cleaving
 57134 | Depths:3 | XOM: god gift: +2 mace of chaos
 57135 | Depths:3 | XOM: summons friendly crimson imp
 57174 | Depths:3 | Found a one-way gateway to a ziggurat.
 57181 | Depths:3 | XOM: fog
 57204 | Depths:3 | XOM: summons 4 friendly demons
 57262 | Depths:3 | XOM: 2-stop teleportation journey
 57416 | Depths:3 | Paralysed by a floating eye for 4 turns
 57425 | Depths:3 | XOM: polymorph rakshasa -> demonic crawler
 57425 | Depths:3 | Paralysed by a floating eye for 2 turns
 57529 | Depths:3 | XOM: divination: magic mapping
 57583 | Depths:3 | XOM: god gift: 669 gold pieces
 57634 | Depths:3 | XOM: god gift: +5 ring of evasion
 57975 | Depths:3 | XOM: 1-stop teleportation journey
 57980 | Depths:3 | XOM: scenery: summon butterflies
 58003 | Depths:3 | XOM: cast spell 'Olgreb's Toxic Radiance'
 58188 | Depths:3 | XOM: god gift: potion of magic
 58197 | Depths:4 | Entered Level 4 of the Depths
 58316 | Depths:4 | Found Liriv's Jewellery Shop.
 58316 | Depths:4 | Found Ginac's Book Emporium.
 58317 | Depths:4 | Found Veruc's Jewellery Shop.
 58772 | Depths:4 | XOM: scenery: summon butterflies
 58784 | Depths:4 | XOM: confuse monster(s)
 58953 | Depths:4 | Found a burning altar of Makhleb.
 58968 | Depths:4 | XOM: god gift: 24 gold pieces
 59109 | Depths:4 | Found a gate to the Realm of Zot.
 59130 | Depths:4 | XOM: cleaving
 59268 | Depths:4 | XOM: divination: magic mapping
 59367 | Zot:1    | Entered Level 1 of the Realm of Zot
 59397 | Zot:1    | XOM: cast spell 'Olgreb's Toxic Radiance'
 59405 | Zot:1    | XOM: fake destruction
 59555 | Zot:1    | Reached skill level 15 in Short Blades
 59557 | Zot:1    | XOM: scenery: 2 doors close
 59560 | Zot:1    | XOM: scenery: 2 doors open
 59562 | Zot:1    | XOM: cast spell 'Monstrous Menagerie'
 59563 | Zot:1    | XOM: confuse monster(s)
 59574 | Zot:1    | Reached skill level 5 in Spellcasting
 59651 | Zot:1    | XOM: confuse monster(s)
 59773 | Zot:1    | XOM: cast spell 'Summon Ice Beast'
 59779 | Zot:1    | Reached XP level 26. HP: 183/183 MP: 30/30
 59834 | Zot:1    | Identified the +7 dagger of Unreason {spect, rElec rPois
                  | Str+2}
 59896 | Zot:1    | XOM: cloud trail
 60132 | Zot:1    | XOM: divination: detect items
 60458 | Zot:1    | Identified the amulet of the Mantidfly {Spirit Str+4} (Xom
                  | gifted it to you on level 1 of the Realm of Zot)
 60458 | Zot:1    | XOM: god gift: amulet of the Mantidfly {Spirit Str+4}
 60555 | Zot:2    | Noticed an orb of fire
 60561 | Zot:2    | XOM: confuse monster(s)
 60578 | Zot:2    | Killed an orb of fire
 60578 | Zot:2    | XOM: enchant monster (good)
 60634 | Zot:2    | XOM: swap monsters
 60641 | Zot:2    | XOM: summons 9 friendly demons
 60643 | Zot:2    | XOM: confuse monster(s)
 60740 | Zot:2    | Noticed Parghit
 60783 | Zot:2    | Killed Parghit
 60954 | Zot:2    | XOM: summons 1 hostile demon
 61069 | Zot:3    | Noticed an orb of fire
 61114 | Zot:3    | XOM: cast spell 'Death Channel'
 61120 | Zot:3    | XOM: swap monsters
 61122 | Zot:3    | XOM: cast spell 'Summon Mana Viper'
 61126 | Zot:3    | Killed an orb of fire
 61157 | Zot:3    | Identified the +0 cloak of Xithoh {rF- rC+++ Str+3}
 61267 | Zot:3    | XOM: potion effect (haste)
 61332 | Zot:3    | Reached skill level 15 in Dodging
 61340 | Zot:3    | XOM: confuse monster(s)
 61347 | Zot:3    | XOM: scenery: create altars
 61434 | Zot:3    | XOM: divine lightning
 61480 | Zot:3    | XOM: scenery: create altars
 61637 | Zot:4    | XOM: 8-stop teleportation journey
 61741 | Zot:4    | XOM: polymorph tentacled monstrosity -> tentacled
                  | monstrosity
 61748 | Zot:4    | XOM: polymorph tentacled monstrosity -> hellephant
 61925 | Zot:4    | Noticed an orb of fire
 61928 | Zot:4    | Killed an orb of fire
 62051 | Zot:4    | Identified the ring "Tociovid" {rPois rN+ Dex+2}
 62255 | Zot:4    | XOM: divination: magic mapping
 62296 | Zot:5    | Entered Level 5 of the Realm of Zot
 62304 | Zot:5    | Noticed an orb of fire
 62304 | Zot:5    | XOM: 3-stop teleportation journey
 62305 | Zot:5    | XOM: god gift: scroll of poison
 62365 | Zot:5    | Noticed an orb of fire
 62382 | Zot:5    | Noticed a Killer Klown
 62382 | Zot:5    | XOM: 9-stop teleportation journey
 62773 | Zot:4    | XOM: confuse monster(s)
 62787 | Zot:4    | Killed an orb of fire
 63142 | D:15     | XOM: silly message
 63339 | Slime:1  | Entered Level 1 of the Pits of Slime
 63360 | Slime:1  | XOM: divination: magic mapping
 63590 | Slime:4  | Reached XP level 27. HP: 192/192 MP: 34/34
 63679 | Slime:4  | XOM: silly message
 63691 | Slime:4  | Found a viscous altar of Jiyva.
 63933 | Slime:5  | Entered Level 5 of the Pits of Slime
 64189 | Slime:5  | Found a viscous altar of Jiyva.
 64317 | Slime:5  | Noticed the Royal Jelly
 64452 | Slime:5  | XOM: cleaving
 64661 | Slime:5  | XOM: confuse monster(s)
 64676 | Slime:5  | XOM: divination: detect items
 64678 | Slime:5  | XOM: enchant monster (bad)
 64683 | Slime:5  | XOM: summons 2 friendly demons
 64686 | Slime:5  | Killed the Royal Jelly
 64843 | Slime:5  | XOM: swap monsters
 64847 | Slime:5  | XOM: scenery: create altars
 64853 | Slime:5  | XOM: summons 1 hostile demon
 64928 | Slime:5  | XOM: chaos cloud
 64976 | Slime:5  | Got the Volume of the Zephyr
 64982 | Slime:5  | Identified the +1 chain mail of Cheibriados's Pride {rElec}
 64983 | Slime:5  | Identified the +5 glaive of Cupenim {freeze, rElec Will+++
                  | MP+9 Str-4}
 64985 | Slime:5  | Identified the staff "Caismax" {rN+ rCorr Necro}
 65162 | D:9      | XOM: summons 3 hostile shadow creatures
 65624 | Depths:1 | XOM: 5-stop teleportation journey
 65675 | Depths:2 | XOM: scenery: create altars
 66169 | D:10     | XOM: cloud trail
 66203 | D:12     | XOM: god gift: staff of death
 66333 | Vaults:2 | Bought a scroll of enchant weapon for 195 gold pieces
 66633 | Slime:1  | XOM: 6-stop teleportation journey
 66771 | Slime:5  | Identified the +4 scimitar "Erorroig" {venom, rC+ rCorr
                  | Str+3 Dex+2}
 66773 | Slime:5  | Got the Octavo of Topological Rime
 66785 | Slime:5  | Identified the ring of Caom {rElec rF- rN+ Dex+6}
 66835 | Slime:5  | Identified the +0 plate armour of Qeapoj {rElec rC- Str-2
                  | Dex+6}
 66889 | Slime:5  | Identified the ring of Sesifabyick {rN+ Str+2 Dex+6}
 66892 | Slime:5  | Got a slimy rune of Zot
 67028 | Lair:5   | XOM: scenery: summon butterflies
 67160 | D:12     | XOM is BORED!
 67160 | D:12     | XOM: summons 4 hostile demons
 67319 | Hell     | Entered the Vestibule of Hell
 67321 | Hell     | Noticed Geryon
 67324 | Hell     | XOM: summons friendly crimson imp
 67333 | Hell     | XOM: polymorph Geryon -> Geryon
 67345 | Hell     | Killed Geryon
 67386 | Hell     | XOM: confuse monster(s)
 67387 | Hell     | XOM: divination: magic mapping
 67399 | Hell     | XOM: summons friendly iron imp
 67404 | Hell     | XOM: scenery: 3 doors close
 67416 | Hell     | XOM: summons 9 friendly demons
 67669 | Hell     | Found a gateway to the decaying netherworld of Tartarus.
 67730 | Hell     | Found a gateway to the ashen valley of Gehenna.
 67818 | Hell     | XOM: fake destruction
 67883 | Hell     | Found a gateway to the Iron City of Dis.
 67962 | Hell     | Found a gateway to the freezing wastes of Cocytus.
 67978 | Hell     | XOM: summons 5 hostile demons
 68009 | Coc:1    | Entered Level 1 of Cocytus
 68068 | Coc:1    | XOM: noise
 68172 | Coc:2    | Paralysed by a wendigo for 1 turns
 68181 | Coc:2    | Noticed an ancient lich
 68190 | Coc:2    | Killed an ancient lich
 68358 | Coc:3    | Noticed a juggernaut
 68370 | Coc:3    | Killed a juggernaut
 68372 | Coc:3    | XOM: fake destruction
 68382 | Coc:3    | XOM: confuse monster(s)
 68397 | Coc:3    | XOM: cast spell 'Summon Hydra'
 68398 | Coc:3    | XOM: divination: detect items
 68408 | Coc:3    | Noticed a juggernaut
 68416 | Coc:3    | Killed a juggernaut
 68419 | Coc:3    | XOM: blink monster(s)
 68427 | Coc:3    | XOM: polymorph titan -> titan
 68431 | Coc:3    | XOM: smoke on damage
 68927 | Coc:5    | XOM: fog
 68956 | Coc:5    | XOM: 2-stop teleportation journey
 68960 | Coc:5    | XOM: cleaving
 69173 | Coc:6    | XOM: destruction
 69177 | Coc:6    | XOM: destruction
 69184 | Coc:6    | XOM: enchant monster (bad)
 69186 | Coc:6    | XOM: destruction
 69430 | Coc:3    | XOM: god gift: flail {god gift}
 69509 | Coc:6    | XOM: cleaving
 69539 | Coc:6    | XOM: silly message
 69708 | Coc:7    | Entered Level 7 of Cocytus
 69709 | Coc:7    | XOM: fog
 69714 | Coc:7    | XOM: polymorph wendigo -> hell hog
 69847 | Coc:7    | XOM: cast spell 'Summon Small Mammal'
 69876 | Coc:7    | Noticed the Serpent of Hell
 69877 | Coc:7    | Paralysed by a wendigo for 1 turns
 69884 | Coc:7    | Reached skill level 10 in Spellcasting
 69894 | Coc:7    | Killed the Serpent of Hell
 69967 | Coc:7    | XOM: destruction
 70110 | Coc:7    | XOM: summons friendly ufetubus
 70122 | Coc:7    | XOM: fake destruction
 70322 | Coc:7    | Noticed Antaeus
 70323 | Coc:7    | Found the +8 autumn katana {manifold assault}
 70343 | Coc:7    | XOM: cast spell 'Summon Mana Viper'
 70350 | Coc:7    | Killed Antaeus
 70386 | Coc:7    | Got an icy rune of Zot
 70396 | Coc:7    | Identified the +1 plate armour of Hadjma {rPois Int+3}
 70495 | Coc:7    | XOM: enchant monster (good)
 70619 | Coc:7    | XOM: enchant monster (good)
 70640 | Coc:7    | Paralysed by a wendigo for 1 turns
 70724 | Coc:7    | Learned a level 3 spell: Swiftness
 70779 | Coc:7    | XOM: polymorph titan -> rockslime
 70786 | Coc:7    | Reached skill level 1 in Air Magic
 70791 | Coc:7    | Got Sif Muna's Precepts of the Befouled Jinx
 70978 | Tar:1    | Entered Level 1 of Tartarus
 71247 | Tar:2    | You are sucked into a shaft and drop 1 floor!
 71261 | Tar:3    | XOM: noise
 71938 | Tar:4    | XOM: divine lightning
 71941 | Tar:4    | XOM: blink monster(s)
 71948 | Tar:4    | XOM: 1-stop teleportation journey
 71970 | Tar:4    | XOM: butterfly on damage
 72102 | Hell     | XOM: noise
 72117 | Hell     | XOM: scenery: 1 doors close
 72282 | Tar:4    | XOM: 3-stop teleportation journey
 72445 | Hell     | XOM: give mutation
 72445 | Hell     | Gained mutation: You have a pair of small antennae on your
                  | head. [Xom's grace]
 72490 | Depths:1 | Voluntarily entered the Abyss.
 72643 | Abyss:3  | Found a corrupted altar of Lugonu.
 72661 | Abyss:3  | Found a corrupted altar of Lugonu.
 72661 | Abyss:3  | Found a corrupted altar of Lugonu.
 72670 | Abyss:3  | XOM: fog
 72711 | Abyss:3  | XOM: cloud trail
 72848 | Abyss:3  | Identified the -2 tower shield "Annihyn" {Str+2 Int+3
                  | Slay+3}
 72875 | Abyss:3  | XOM: scenery: 1 doors close
 72955 | Abyss:3  | XOM: cloud trail
 72973 | Abyss:3  | Found a corrupted altar of Lugonu.
 72986 | Abyss:3  | Found a corrupted altar of Lugonu.
 72992 | Abyss:3  | Reached skill level 5 in Air Magic
 72997 | Abyss:3  | XOM: summons 8 friendly demons
 73047 | Abyss:3  | XOM: cleaving
 73058 | Abyss:3  | Got an abyssal rune of Zot
 73084 | Depths:1 | Escaped the Abyss
 73422 | Elf:3    | XOM: god gift: 746 gold pieces
 73445 | Elf:2    | XOM: silly message
 73558 | D:13     | XOM: divination: magic mapping
 73578 | D:14     | XOM: god gift: wand of polymorph (4)
 73695 | Depths:1 | Voluntarily entered the Abyss.
 73875 | Abyss:3  | Found a corrupted altar of Lugonu.
 73925 | Abyss:3  | XOM: enchant monster (good)
 73984 | Abyss:3  | XOM: summons friendly iron imp
 74196 | Abyss:3  | XOM: noise
 74366 | Abyss:3  | Found a candlelit altar of Ignis.
 74639 | Abyss:3  | XOM: enchant monster (bad)
 74643 | Abyss:3  | XOM: divination: detect items
 74727 | Abyss:3  | XOM: polymorph rakshasa -> green death
 74852 | Abyss:3  | Found a corrupted altar of Lugonu.
 74969 | Abyss:3  | XOM: divination: detect items
 75019 | Abyss:3  | XOM: scenery: create altars
 75145 | Abyss:3  | Found a corrupted altar of Lugonu.
 75219 | Abyss:4  | XOM: divination: magic mapping
 75245 | Abyss:4  | XOM: blink monster(s)
 75285 | Abyss:4  | XOM: chaos cloud
 75335 | Abyss:4  | XOM: polymorph raiju -> shapeshifter
 75341 | Abyss:4  | XOM: summons friendly crimson imp
 75387 | Abyss:4  | XOM: summons 10 friendly demons
 75411 | Abyss:4  | XOM: summons 2 friendly demons
 75436 | Abyss:4  | XOM: god gift: glowing mace {god gift}
 75455 | Abyss:4  | XOM: divine lightning
 75463 | Abyss:4  | XOM: cast spell 'Monstrous Menagerie'
 75472 | Depths:1 | Escaped the Abyss
 75550 | Depths:1 | Voluntarily entered the Abyss.
 75573 | Abyss:4  | XOM: god gift: 6 stones
 75713 | Depths:1 | Escaped the Abyss
 76028 | Crypt:3  | XOM: god gift: dire flail {god gift}
 76139 | Vaults:2 | XOM: scenery: 4 doors close
 76179 | Vaults:1 | XOM: silly message
 76409 | Geh:1    | Entered Level 1 of Gehenna
 76452 | Geh:1    | XOM: divination: detect creatures
 76721 | Geh:1    | XOM: silly message
 77193 | Geh:3    | XOM: cast spell 'Leda's Liquefaction'
 77423 | Geh:4    | XOM: silly message
 77829 | Geh:5    | Noticed an ancient lich
 77837 | Geh:5    | Killed an ancient lich
 77993 | Geh:6    | Noticed an ancient lich
 77993 | Geh:6    | Noticed a dread lich
 77993 | Geh:6    | Noticed a dread lich
 77993 | Geh:6    | Noticed an ancient lich
 77996 | Geh:6    | XOM: butterfly on damage
 78000 | Hell     | Killed a dread lich
 78006 | Hell     | Killed an ancient lich
 78390 | Hell     | Killed a dread lich
 78429 | Geh:1    | XOM: silly message
 78500 | Geh:6    | XOM: enchant monster (good)
 78508 | Hell     | Reached skill level 10 in Unarmed Combat
 78720 | Geh:4    | XOM: cloud trail
 79094 | Crypt:3  | XOM: noise
 79152 | Tomb:1   | Entered Level 1 of the Tomb of the Ancients
 79173 | Tomb:1   | XOM: noise
 79273 | Tomb:1   | XOM: potion effect (might)
 79279 | Tomb:1   | Reached skill level 27 in Shields
 79420 | Tomb:1   | Noticed a royal mummy
 79432 | Tomb:1   | Noticed a royal mummy
 79434 | Tomb:1   | XOM: silly message
 79438 | Tomb:1   | Killed a royal mummy
 79444 | Tomb:1   | XOM: silly message
 79446 | Tomb:1   | Killed a royal mummy
 80132 | Depths:1 | Voluntarily entered the Abyss.
 80216 | Abyss:4  | XOM: noise
 80220 | Abyss:4  | XOM: confuse monster(s)
 80225 | Abyss:4  | XOM: enchant monster (good)
 80261 | Abyss:4  | XOM: cast spell 'Olgreb's Toxic Radiance'
 80354 | Abyss:5  | Found a corrupted altar of Lugonu.
 80356 | Abyss:5  | Found a sparkling altar of Nemelex Xobeh.
 80575 | Abyss:6  | Found a corrupted altar of Lugonu.
 80583 | Abyss:6  | XOM: divination: detect creatures
 80600 | Abyss:6  | Found a corrupted altar of Lugonu.
 80615 | Abyss:6  | XOM: silly message
 80628 | Abyss:6  | Found a corrupted altar of Lugonu.
 80656 | Abyss:6  | Found a corrupted altar of Lugonu.
 80662 | Abyss:6  | XOM: noise
 80669 | Abyss:6  | XOM: noise
 80709 | Abyss:6  | XOM: cast spell 'Call Canine Familiar'
 80790 | Depths:1 | Escaped the Abyss
 80810 | Pan      | Entered Pandemonium
 80824 | Pan      | Noticed Balips the pandemonium lord
 80843 | Pan      | Killed Balips the pandemonium lord
 80873 | Pan      | XOM: god gift: pair of gloves {god gift}
 81018 | Pan      | XOM: enchant monster (good)
 81019 | Pan      | Noticed Worouf the pandemonium lord
 81026 | Pan      | XOM: polymorph ynoxinul -> smoke demon
 81031 | Pan      | XOM: silly message
 81035 | Pan      | Killed Worouf the pandemonium lord
 81058 | Pan      | XOM: 1-stop teleportation journey
 81081 | Pan      | XOM: fog
 81158 | Pan      | XOM: noise
 81277 | Pan      | XOM: swap monsters
 81548 | Pan      | Noticed Ojakegerr the pandemonium lord
 81622 | Pan      | XOM: polymorph cacodemon -> lorocyproca
 81627 | Pan      | XOM: blink monster(s)
 81748 | Pan      | XOM: noise
 81754 | Pan      | XOM: polymorph vault sentinel -> troll
 81778 | Pan      | XOM: potion effect (haste)
 81786 | Pan      | Killed Ojakegerr the pandemonium lord
 81857 | Pan      | XOM: enchant monster (good)
 81965 | Pan      | Got a demonic rune of Zot
 82002 | Pan      | Entered the realm of Mnoleg.
 82119 | Pan      | XOM: stat loss: -1 Dex (19/20)
 82302 | Pan      | XOM: silly message
 82310 | Pan      | Noticed Mnoleg
 82310 | Pan      | XOM: enchant monster (bad)
 82337 | Pan      | XOM: polymorph large abomination -> large abomination
 82347 | Pan      | Killed Mnoleg
 82373 | Pan      | XOM: summons 3 hostile shadow creatures
 82400 | Pan      | XOM: enchant monster (bad)
 82410 | Pan      | Got a glowing rune of Zot
 82706 | Pan      | XOM: noise
 82713 | Pan      | XOM: enchant monster (bad)
 82715 | Pan      | XOM: 10-stop teleportation journey
 82749 | Pan      | Entered the realm of Cerebov.
 82906 | Pan      | XOM: enchant monster (bad)
 82913 | Pan      | XOM: noise
 82922 | Pan      | XOM: stat loss: -1 Dex (19/20)
 82980 | Pan      | XOM: noise
 83285 | Pan      | XOM: summons 2 hostile shadow creatures
 83333 | Pan      | Found the +6 sword of Cerebov {flame}
 83333 | Pan      | Noticed Cerebov
 83334 | Pan      | XOM: chaos cloud
 83349 | Pan      | XOM: summons 1 hostile shadow creature
 83583 | Pan      | XOM: summons 3 hostile shadow creatures
 83593 | Pan      | Killed Cerebov
 83674 | Pan      | Identified the ring of Truth {Contam rElec rC+ Str+3}
 83730 | Pan      | Got a fiery rune of Zot
 83755 | Pan      | Identified the ring of Taen Bow {Fire rCorr Int+5 Slay-2}
 83788 | Pan      | Identified the +6 halberd of Totuim {spect, Int+4 SInv}
 83890 | Pan      | Entered the realm of Gloorx Vloq.
 83972 | Pan      | Reached skill level 27 in Stealth
 84059 | Pan      | Found an exit through the horrors of the Abyss.
 84242 | Pan      | XOM: 2-stop teleportation journey
 84335 | Pan      | XOM: stat loss: -1 Int (22/23)
 84591 | Pan      | XOM: cast spell 'Call Canine Familiar'
 84735 | Pan      | Noticed Gloorx Vloq
 84765 | Pan      | Killed Gloorx Vloq
 84824 | Pan      | Got a dark rune of Zot
 84957 | Pan      | XOM: divination: detect items
 85039 | Pan      | XOM: 6-stop teleportation journey
 85214 | Pan      | XOM: noise
 85243 | Pan      | Found an exit through the horrors of the Abyss.
 85271 | Pan      | Entered the realm of Lom Lobon.
 85271 | Pan      | XOM: noise
 85313 | Pan      | XOM: silly message
 85605 | Pan      | Noticed Lom Lobon
 85614 | Pan      | XOM: confuse monster(s)
 85622 | Pan      | Killed Lom Lobon
 85754 | Pan      | Got a magical rune of Zot
 85971 | Pan      | Found an exit through the horrors of the Abyss.
 86001 | Pan      | Took an exit into the Abyss.
 86001 | Abyss:6  | Escaped into the Abyss
 86083 | Abyss:6  | XOM: cleaving
 86086 | Abyss:6  | XOM: cast spell 'Summon Cactus Giant'
 86087 | Abyss:6  | XOM: destruction
 86090 | Abyss:6  | XOM: polymorph hellephant -> Tzitzimitl
 86108 | Abyss:6  | XOM: cleaving
 86113 | Abyss:6  | XOM: confuse monster(s)
 86145 | Depths:1 | Escaped the Abyss
 86254 | Tar:5    | XOM: 1-stop teleportation journey
 86332 | Tar:5    | XOM: destruction
 86477 | Tar:6    | XOM: 5-stop teleportation journey
 86493 | Tar:6    | XOM: polymorph doom hound -> tentacled monstrosity
 86504 | Tar:7    | Entered Level 7 of Tartarus
 86510 | Tar:7    | XOM: blink monster(s)
 86512 | Tar:7    | XOM: blink monster(s)
 86700 | Tar:7    | XOM: confuse monster(s)
 86863 | Tar:7    | XOM: god gift: club {god gift}
 86931 | Tar:7    | XOM: cast spell 'Alistair's Intoxication'
 87284 | Tar:7    | XOM: summons 14 hostile demons
 87298 | Tar:7    | XOM: god gift: 38 gold pieces
 87864 | Tar:7    | Noticed Ereshkigal
 87867 | Tar:7    | Paralysed by Ereshkigal for 5 turns
 87877 | Tar:7    | XOM: polymorph Ereshkigal -> Ereshkigal
 87883 | Tar:7    | Killed Ereshkigal
 88438 | Tar:7    | Got a bone rune of Zot
 88985 | Geh:6    | XOM: fake destruction
 88986 | Geh:6    | Killed an ancient lich
 89044 | Geh:6    | XOM: 4-stop teleportation journey
 89232 | Geh:7    | Entered Level 7 of Gehenna
 89326 | Geh:7    | XOM: enchant monster (good)
 89338 | Geh:7    | XOM: potion effect (haste)
 89534 | Geh:7    | XOM: confuse monster(s)
 89685 | Geh:7    | XOM: noise
 89729 | Geh:7    | XOM: potion effect (haste)
 89766 | Geh:7    | XOM: divination: detect items
 89790 | Geh:7    | XOM: summons friendly white imp
 89992 | Geh:7    | Found the +3 giant club "Skullcrusher" {speed, Str+7}
 90072 | Geh:7    | XOM: divination: detect items
 90075 | Geh:7    | XOM: cast spell 'Dispersal'
 90189 | Geh:7    | Found the +13 sceptre of Asmodeus
 90189 | Geh:7    | Noticed Asmodeus
 90196 | Geh:7    | Killed Asmodeus
 90202 | Geh:7    | Got an obsidian rune of Zot
 90434 | Dis:1    | Entered Level 1 of the Iron City of Dis
 90436 | Dis:1    | XOM: divination: detect items
 90659 | Dis:1    | XOM: scenery: 1 doors open, 1 doors close
 90847 | Dis:1    | XOM: 3-stop teleportation journey
 91103 | Dis:3    | Noticed a dread lich
 91103 | Dis:3    | Noticed a dread lich
 91106 | Dis:3    | Killed a dread lich
 91109 | Dis:3    | XOM: cast spell 'Olgreb's Toxic Radiance'
 91109 | Dis:3    | XOM: smoke on damage
 91114 | Dis:3    | Killed a dread lich
 91217 | Hell     | XOM: summons 5 hostile demons
 91342 | Dis:3    | Noticed a dread lich
 91348 | Dis:3    | Killed a dread lich
 91838 | Dis:5    | XOM: summons 3 friendly demons
 92101 | Dis:6    | XOM: repel stairs
 92102 | Dis:6    | XOM: blink monster(s)
 92116 | Dis:6    | XOM: polymorph iron giant -> alligator snapping turtle
 92120 | Dis:6    | XOM: blink monster(s)
 92141 | Dis:6    | XOM: cast spell 'Death Channel'
 92415 | Dis:7    | Entered Level 7 of the Iron City of Dis
 92425 | Dis:7    | XOM: noise
 92768 | Dis:7    | XOM: 3-stop teleportation journey
 92842 | Dis:7    | XOM: silly message
 92847 | Dis:7    | XOM: enchant monster (bad)
 93080 | Dis:7    | XOM: destruction
 93158 | Dis:7    | XOM: enchant monster (good)
 93166 | Dis:7    | XOM: silly message
 93203 | Dis:7    | Noticed a juggernaut
 93203 | Dis:7    | XOM: 2-stop teleportation journey
 93206 | Dis:7    | Killed a juggernaut
 93227 | Dis:7    | Identified the staff "Aru Noku" {rElec rF+ Will+ Air}
 93249 | Dis:7    | Identified the +11 shortbow "Fijima" {freeze, rPois Dex+3}
 93478 | Dis:7    | XOM: summons 3 friendly demons
 93482 | Dis:7    | XOM: potion effect (curing)
 93694 | Dis:7    | XOM: 1-stop teleportation journey
 93730 | Dis:7    | XOM: enchant monster (good)
 93746 | Dis:7    | XOM: noise
 93835 | Dis:7    | Noticed an ancient lich
 93837 | Dis:7    | Killed an ancient lich
 93983 | Dis:7    | XOM: divination: detect creatures
 94109 | Dis:7    | XOM: silly message
 94229 | Dis:7    | Noticed a juggernaut
 94231 | Dis:7    | Noticed Dispater
 94247 | Dis:7    | Killed Dispater
 94249 | Dis:7    | Killed a juggernaut
 94270 | Dis:7    | Got an iron rune of Zot
 94295 | Dis:7    | Identified the +5 hand crossbow "Wous" {antimagic, rC+
                  | Int+2}
 94329 | Dis:7    | XOM: divination: magic mapping
 95084 | Tomb:1   | XOM: divination: detect items
 95183 | Tomb:2   | Noticed a royal mummy
 95183 | Tomb:2   | Noticed a royal mummy
 95185 | Tomb:2   | XOM: summons friendly quasit
 95192 | Tomb:2   | Killed a royal mummy
 95212 | Tomb:2   | Noticed a royal mummy
 95218 | Tomb:2   | XOM: divine lightning
 95229 | Tomb:2   | Noticed a royal mummy
 95241 | Tomb:2   | XOM: 3-stop teleportation journey
 95257 | Tomb:2   | XOM: cleaving
 95267 | Tomb:2   | Killed a royal mummy
 95279 | Tomb:2   | Killed a royal mummy
 95432 | Tomb:2   | XOM: summons friendly iron imp
 95456 | Tomb:2   | Killed a royal mummy
 95601 | Tomb:2   | XOM: enchant monster (good)
 95710 | Tomb:1   | Noticed a royal mummy
 95710 | Tomb:1   | Noticed a royal mummy
 95710 | Tomb:1   | Noticed a royal mummy
 95710 | Tomb:1   | XOM: divine lightning
 95713 | Tomb:1   | XOM: summons friendly chaos spawn
 95714 | Tomb:1   | XOM: cast spell 'Summon Ice Beast'
 95723 | Tomb:1   | Killed a royal mummy
 95730 | Tomb:1   | XOM: summons 1 friendly demon
 95733 | Tomb:1   | Killed a royal mummy
 95735 | Tomb:1   | XOM: summons 1 friendly demon
 95736 | Tomb:1   | XOM: blink monster(s)
 95739 | Tomb:1   | Noticed a royal mummy
 95749 | Tomb:1   | Killed a royal mummy
 95752 | Tomb:1   | Killed a royal mummy
 95789 | Tomb:1   | Noticed Khufu
 95789 | Tomb:1   | XOM: enchant monster (good)
 95790 | Tomb:1   | Noticed a royal mummy
 95801 | Tomb:1   | Killed a royal mummy
 95820 | Tomb:1   | Killed Khufu
 95839 | Tomb:1   | Noticed a royal mummy
 95841 | Tomb:1   | Noticed a royal mummy
 95842 | Tomb:1   | Noticed a royal mummy
 95844 | Tomb:1   | Noticed a royal mummy
 95845 | Tomb:1   | Noticed a royal mummy
 95849 | Tomb:1   | Killed a royal mummy
 95849 | Tomb:1   | XOM: cast spell 'Alistair's Intoxication'
 95854 | Tomb:1   | Killed a royal mummy
 95858 | Tomb:1   | Killed a royal mummy
 95862 | Tomb:1   | Killed a royal mummy
 95869 | Tomb:1   | Killed a royal mummy
 95877 | Tomb:1   | Noticed a royal mummy
 95877 | Tomb:1   | Noticed a royal mummy
 95885 | Tomb:1   | Killed a royal mummy
 95887 | Tomb:1   | XOM: polymorph emperor scorpion -> storm dragon
 95890 | Tomb:1   | Killed a royal mummy
 95906 | Tomb:1   | Noticed a royal mummy
 95915 | Tomb:1   | Killed a royal mummy
 95930 | Tomb:1   | Noticed a royal mummy
 95931 | Tomb:1   | Noticed a royal mummy
 95932 | Tomb:1   | Killed a royal mummy
 95936 | Tomb:1   | Noticed a royal mummy
 95941 | Tomb:1   | Killed a royal mummy
 95946 | Tomb:1   | Noticed a royal mummy
 95955 | Tomb:1   | Killed a royal mummy
 95957 | Tomb:1   | XOM: god gift: 34 gold pieces
 95958 | Tomb:1   | Noticed a royal mummy
 95959 | Tomb:1   | Noticed a royal mummy
 95963 | Tomb:1   | Killed a royal mummy
 95968 | Tomb:1   | Killed a royal mummy
 95969 | Tomb:1   | Reached skill level 27 in Short Blades
 95971 | Tomb:1   | Killed a royal mummy
 96018 | Tomb:2   | Reached skill level 27 in Fighting
 96068 | Tomb:3   | Entered Level 3 of the Tomb of the Ancients
 96130 | Tomb:3   | Identified the ring of Xom's Pride {Fire rN+ Int+2 Dex+3}
 96145 | Tomb:3   | Identified the ring "Luaqugg" {rC+ Str+3 Int+2}
 96147 | Tomb:3   | Identified the ring of Xovabbif {+Blink rPois rN+ Int+7
                  | Dex-4}
 96150 | Tomb:3   | Identified the staff "Conservator" {rC+ Int+3 Ice}
 96181 | Tomb:3   | XOM: scenery: 1 doors close
 96184 | Tomb:3   | Identified the +1 helmet of Zemn {rC- Str+7}
 96223 | Tomb:3   | XOM: summons 3 friendly demons
 96236 | Tomb:3   | XOM: cast spell 'Summon Hydra'
 96245 | Tomb:3   | XOM: cast spell 'Summon Hydra'
 96246 | Tomb:3   | Noticed a royal mummy
 96265 | Tomb:3   | XOM: enchant monster (good)
 96273 | Tomb:3   | XOM: summons friendly quasit
 96280 | Tomb:3   | XOM: chaos upgrade
 96292 | Tomb:3   | Noticed a royal mummy
 96301 | Tomb:3   | Killed a royal mummy
 96315 | Tomb:3   | Identified the +1 leather armour of Ghostly Knowledge
                  | {rElec Str+5}
 96319 | Tomb:3   | XOM: swap monsters
 96324 | Tomb:3   | HP: 10/224 [death scarab (18)]
 96325 | Tomb:3   | Mangled by a death scarab

Illustrated notes

Levels and vault maps discovered:
D:1:      nzn_arrival_settlement, layout_basic
D:2:      layout_basic, nicolae_twisty_statue_hallways
D:3:      layout_loops_ring, grunt_ministairs_6,
          nicolae_elevator_lobby_asterisk, uniq_terence
D:4:      layout_cave_pods, hangedman_feature_mirror, minmay_misc_feat_doors,
          uniq_edmund, uniq_menkaure
D:5:      layout_rooms, gammafunk_ghost_hive, kennysheep_minor_cross
D:6:      layout_basic, grunt_temple_overflow_cloverleaf,
          mainiacjoe_overflow_tiny_flanked, minmay_temple_entry_slanted,
          uniq_crazy_yiuf_cottage
D:7:      layout_basic, serial_glass, glass_columns_b, glass_columns_a,
          minmay_strange_pillars, feat_on_display, uniq_pikel
D:8:      layout_layer_cave, overflow_temple_1_default
D:9:      layout_small_grid, lair_entry_dummy
D:10:     layout_loops_ring, lemuel_coloured_pillars_altar, enter_bailey_5
D:11:     layout_roguey, dreamdust_gnoll_shepherd
D:12:     layout_irregular_city, gauntlet_entry_generic, minmay_shop_mass,
          uniq_jorgrun, uniq_kirke
D:13:     layout_rooms, serial_shops, nicolae_shop_stone, led_sif_book
D:14:     layout_basic, grunt_vaults_entry_tiered, small_statue_intersection,
          minmay_orc_keep
D:15:     grunt_enter_depths_hoard, layout_basic, serial_shops,
          nicolae_shop_statue_plus, nicolae_lakefront_shop, nicolae_shop_stone,
          shop, nicolae_shop_window_shopping, uniq_nessos
Lair:1:   layout_cave_pods, uniq_erica
Lair:2:   layout_cave_shapes, grunt_megastairs_3
Lair:3:   lemuel_slime, layout_cave_pods, skrybe_swamp_entry_bodies,
          hellmonk_spider_entry_life_and_decay, dreamdust_wasp_nest
Lair:4:   layout_cave_pods
Lair:5:   cheibrodos_lair_end_hotspot, layout_regular_city,
          dpeg_slime_entry_corner, portal_ice_cave_entry_pillars_1
Swamp:1:  nicolae_swamp_standing_stones, layout_basic_swamp, basic_altar,
          infiniplex_staircase_pool
Swamp:2:  layout_basic_swamp, serial_swamp_ruin, evilmike_swamp_ruin_house_3,
          evilmike_swamp_ruin_house_2, evilmike_swamp_ruin_house_5
Swamp:3:  layout_falls_marsh, nicolae_swamp_very_dense_foliage
Swamp:4:  swamp_alternative, layout_basic_swamp, uniq_nikola
Spider:1: layout_spider_delve, nicolae_spider_some_kinda_spiderbox
Spider:2: layout_spider_delve, nicolae_spider_baby_got_redback
Spider:3: layout_chambers, special_room [special_room_bee]
Spider:4: johnstein_spider_rune_arachne_lair
Slime:1:  layout_caves
Slime:2:  layout_caves
Slime:3:  layout_caves
Slime:4:  layout_caves, basic_altar, cheibrodos_slime_lost_civilization_4
Slime:5:  slime_pit_nicolae_inversion
Orc:1:    nicolae_orc_accident_2, layout_caves
Orc:2:    st_orc_mages, layout_caves
Elf:1:    minmay_elf_crystal_square, layout_geoelf_grid, serial_shops, shop,
          minmay_elf_annihilation
Elf:2:    nicolae_elf_blades_splatter_lattice [nicolae_blade_bullseye],
          layout_loops_ring, st_stairs_13, nicolae_nh_oracle_at_delphi,
          uniq_norris, uniq_azrael
Elf:3:    minmay_elf_hall_x, layout_rooms, minmay_shoptagon
Vaults:1: dpeg_vaults_monster_row, nicolae_vaults_prndl,
          nicolae_vaults_network_s, v_misc_27, nicolae_vaults_frosty_reception,
          grunt_vaults_swirl, hangedman_vaults_restitches,
          nicolae_vaults_tetromino_T_2, nicolae_vaults_house_2,
          nicolae_vaults_layer_cake_slice, layout_vaults_omnibox, uniq_aizul,
          uniq_donald
Vaults:2: st_cross, nicolae_vaults_trapezoid_lopsided_2, v_misc_26, v_misc_18,
          nicolae_vaults_closet_pinwheel_2, vaults_room_grid, v_pattern_5,
          minmay_crypt_entry_necro_gods, vaults_dpeg_spiral,
          nicolae_vaults_closet_pinwheel_5, nicolae_vaults_layer_cake_slice,
          v_alt_pattern_5, nicolae_vaults_tetromino_Z_1,
          nicolae_vaults_double_plus_2, nicolae_vaults_house_1,
          nicolae_vaults_storage_room_water, layout_vaults_maze_bifur,
          serial_shops, nicolae_shop_drivethru
Vaults:3: nicolae_vaults_trapezoid_lopsided_4, v_misc_25, v_misc_30,
          nicolae_vaults_heart-shaped_vault, vaults_mumra_minichess,
          nicolae_vaults_shelves_hall, nicolae_vaults_taking_the_gang_shopping,
          nicolae_vaults_tetromino_L_2, layout_vaults_quadrants, serial_shops,
          nicolae_shop_overgrown_old_shop
Vaults:4: gammafunk_ghost_grave, ontoclasm_vaults_idyll,
          nicolae_vaults_network_quinsquares
          [nicolae_vaults_network_quincunx_subvault,
          nicolae_vaults_network_quincunx_subvault,
          nicolae_vaults_network_quincunx_subvault,
          nicolae_vaults_network_quincunx_subvault],
          nicolae_vaults_network_periphery, v_misc_24, vaults_room_pool,
          ontoclasm_vaults_ring_square, ontoclasm_vaults_ring_square,
          vaults_mumra_chevron, ontoclasm_vaults_eye,
          nicolae_vaults_lightning_bolt, nicolae_vaults_house_2,
          nicolae_vaults_sealed_display, layout_vaults_big_cross
Vaults:5: uniq_saint_roka
Crypt:1:  layout_misc_corridors, serial_sigils, serial_sigils_hangedman_shear,
          serial_sigils_hangedman_scar, serial_sigils_hangedman_shear,
          serial_sigils_hangedman_scratch, uniq_josephina, uniq_xtahua
Crypt:2:  layout_rooms, amcnicky_mini_corridor_feature, uniq_boris
Crypt:3:  grunt_crypt_end_deaths_head
Tomb:1:   uniq_khufu
Tomb:2
Tomb:3
Depths:1: layout_roguey, abyss_entry, nicolae_hexahallways,
          rand_demon_pan_entry_3, hell_entry, minmay_hidden_floor,
          serial_bayou_shore_a
Depths:2: minmay_the_grid_triangle_9x9_recursive_3
          [minmay_the_grid_triangle_9x9_windchime,
          minmay_the_grid_triangle_9x9_impossible_snake,
          minmay_the_grid_triangle_9x9_intruding_spiral,
          minmay_the_grid_triangle_9x9_prize_insulated,
          minmay_the_grid_triangle_9x9_minimal,
          minmay_the_grid_triangle_9x9_skeleton,
          minmay_the_grid_triangle_9x9_sparse_checkered,
          minmay_the_grid_triangle_9x9_zippers_horizontal,
          minmay_the_grid_triangle_9x9_negative_grid], layout_basic,
          special_room [special_room_magic_class], minmay_misc_feat_chi,
          rand_demon_pan_entry_8, nicolae_abyss_entry_one_way_or_another,
          hangedman_geh_valley, serial_shops, bzr_entry_water, shop, shop
Depths:3: nzn_winding_woodlands_medium [nzn_winding_woodlands_hourglass,
          nzn_winding_woodlands_5x15_crooked,
          nzn_winding_woodlands_5x5_checkerboard,
          nzn_winding_woodlands_5x5_open_star,
          nzn_winding_woodlands_center_garden,
          nzn_winding_woodlands_5x5_closed_star,
          nzn_winding_woodlands_5x5_perimeter, nzn_winding_woodlands_5x15_pool,
          nzn_winding_woodlands_5x5_default], layout_small_grid,
          enter_ziggurat_b, wad_floor_pattern_untrapped, abyss_entry,
          grunt_hell_entry_dis_mu, grunt_tough_drop
Depths:4: grunt_twist_and_shout, layout_cave_shapes, nicolae_titane, hell_entry,
          makhleb_altar_promises_db, serial_bayou_shore_b, minmay_shop_grove
Hell
Dis:1:    layout_subdivisions
Dis:2:    layout_jigsaw
Dis:3:    layout_subdivisions, nicolae_dis_liches_on_tour
Dis:4:    layout_jigsaw
Dis:5:    layout_gridville
Dis:6:    layout_regular_city
Dis:7:    dis_st
Geh:1:    layout_gehenna_pools_triple, nicolae_geh_lava_lounge
Geh:2:    layout_gehenna_pools_triple
Geh:3:    layout_gehenna_lava_caves
Geh:4:    layout_gehenna_lava_caves
Geh:5:    layout_gehenna_lava_caves
Geh:6:    layout_gehenna_pools_box, nicolae_geh_liches_on_tour
Geh:7:    geh_old
Coc:1:    nicolae_coc_icebeans_plural [nicolae_sub_coc_subbean,
          nicolae_sub_coc_subbean, nicolae_sub_coc_subbean,
          nicolae_sub_coc_subbean], layout_cocytus_delve
Coc:2:    layout_cocytus_delve
Coc:3:    nicolae_hells_titanomachy
Coc:4:    layout_cocytus_delve
Coc:5:    layout_cocytus_water_paths
Coc:6:    layout_cocytus_water_paths
Coc:7:    coc_grunt
Tar:1:    layout_honeycomb
Tar:2:    layout_grid_maze
Tar:3:    layout_grid_maze, nicolae_tar_cuneiform_bread
Tar:4:    layout_grid_maze, nicolae_hells_hurtin_island
Tar:5:    layout_grid_maze, nicolae_hells_fiendish_ambush
Tar:6:    layout_catacombs
Tar:7:    tar_mu [tar_mu_maze]
Zot:1:    layout_gridlike, grunt_megastairs_2
Zot:2:    layout_twisted_circle, st_stairs_11, uniq_parghit
Zot:3:    layout_onion_interference, lemuel_golem_globe
Zot:4:    layout_cellular_growth
Zot:5:    layout_misc_corridors

Skill      XL: |  1  2  3  4  5  6  7  8  9 10 11 12 13 14 15 16 17 18 19 20 21 22 23 24 25 26 27 |
---------------+----------------------------------------------------------------------------------+-----
Stealth        | 1 3 5 6 8 10 11 13 14 15 16 17 18 19 20 21 27 | 27.0
Short Blades   | 4 5 6 7 8 9 10 11 12 13 14 15 27 | 27.0
Fighting       | 4 5 6 7 8 9 10 11 12 13 14 15 16 17 27 | 27.0
Dodging        | 3 4 6 7 8 9 10 11 12 13 14 15 26 | 26.5
Shapeshifting  | 1 2 3 5 6 7 8 9 10 11 12 13 14 15 18 21 22 23 | 23.7
Shields        | 1 2 4 6 7 10 11 13 15 16 17 18 20 21 22 23 27 | 27.0
Evocations     | 2 5 7 8 |  8.8
Unarmed Combat | 2 4 5 6 8 9 14 | 14.6
Translocations | 2 3 4 7 |  7.5
Spellcasting   | 1 5 7 12 | 12.1
Air Magic      | 6 |  6.0

Action                     |  1- 3 |  4- 6 |  7- 9 | 10-12 | 13-15 | 16-18 | 19-21 | 22-24 | 25-27 || total
---------------------------+-------+-------+-------+-------+-------+-------+-------+-------+-------++-------
  Melee: Short sword       |    93 |    75 |   118 |   481 |   543 |       |       |       |       ||  1310
         Tentacles         |    16 |    19 |    32 |   139 |   277 |   199 |   389 |   521 |  3595 ||  5187
         Constrict         |    22 |    13 |    24 |   102 |   161 |   222 |   126 |   266 |   789 ||  1725
         Kick              |     9 |       |    42 |   108 |       |   320 |    12 |       |       ||   491
         Punch             |       |     1 |     3 |    10 |    45 |    38 |    71 |   122 |  1279 ||  1569
         Bite              |       |       |    12 |    77 |   156 |       |       |    98 |  2224 ||  2567
         Rapier            |       |       |       |       |   438 |   721 |   995 |  1267 |  1237 ||  4658
         Peck              |       |       |       |       |    74 |   221 |    92 |       |       ||   387
         Maw               |       |       |       |       |    10 |   157 |   338 |   374 |       ||   879
         Unarmed           |       |       |       |       |       |       |       |    15 |       ||    15
         Quick blade       |       |       |       |       |       |       |       |       |  6696 ||  6696
   Cast: Manifold Assault  |       |       |       |       |       |       |       |       |    11 ||    11
         Blink             |       |       |       |       |       |       |       |       |     1 ||     1
         Swiftness         |       |       |       |       |       |       |       |       |     1 ||     1
Ability: Siphon Essence    |       |       |       |       |       |       |       |       |    20 ||    20
  Evoke: Wand              |       |       |       |     2 |     3 |       |       |       |    34 ||    39
         Lightning rod     |       |       |       |       |       |       |       |       |     4 ||     4
         Phantom mirror    |       |       |       |       |       |       |       |       |     1 ||     1
    Use: Scroll            |       |       |     7 |     7 |    13 |     1 |       |     6 |    18 ||    52
         Potion            |       |       |       |     8 |     2 |       |     1 |     3 |       ||    14
   Stab: Sleeping          |     4 |     4 |    17 |    17 |    62 |    72 |    79 |    54 |   297 ||   606
         Distracted        |       |       |     2 |     2 |    11 |    10 |     6 |    22 |    93 ||   146
         Petrifying        |       |       |       |     2 |       |       |     3 |     1 |       ||     6
         Invisible         |       |       |       |     4 |       |       |       |       |     9 ||    13
         Confused          |       |       |       |     3 |     1 |     2 |     2 |     5 |    27 ||    40
         Petrified         |       |       |       |       |     1 |       |     2 |       |       ||     3
         Paralysed         |       |       |       |       |       |     1 |       |       |       ||     1
         Betrayed ally     |       |       |       |       |       |       |       |       |     1 ||     1
 Armour: Skin              |    12 |    14 |    21 |    70 |    70 |    51 |    72 |   102 |   296 ||   708
  Dodge: Dodged            |    53 |    35 |    74 |   316 |   283 |   303 |   374 |   396 |  1354 ||  3188
  Block: Other             |     1 |    10 |    12 |       |       |       |       |       |       ||    23
         Buckler           |       |       |     5 |    22 |       |       |       |       |       ||    27
         Kite shield       |       |       |       |   174 |    68 |       |       |       |       ||   242
         Tower shield      |       |       |       |       |   804 |   864 |  1053 |  1148 |  3804 ||  7673
         Form:             |       |       |       |       |     2 |       |       |       |       ||     2
         Anaconda          |       |       |       |       |     1 |       |       |       |       ||     1
         Flux              |       |       |       |       |     1 |       |       |       |       ||     1
         Maw               |       |       |       |       |     1 |       |       |     1 |     1 ||     3
         Beast             |       |       |       |       |     1 |       |       |       |       ||     1
         Death             |       |       |       |       |       |       |       |     1 |     3 ||     4
         Storm             |       |       |       |       |       |       |       |     1 |     1 ||     2
         Statue            |       |       |       |       |       |       |       |       |     1 ||     1

Table legend: (Time is in decaauts)
 A = Elapsed time spent in this place.
 B = Non-inter-level travel time spent in this place.
 C = Inter-level travel time spent in this place.
 D = Time resting spent in this place.
 E = Time spent auto-exploring this place.
 F = Levels seen in this place.
 G = Mean time per level.
                   A        B        C        D        E       F      G
               +--------+--------+--------+--------+--------+-----+--------+
         Total |  92846 |  81692 |  11154 |  19247 |  42117 | 113 |  821.6 |
       Dungeon |  24175 |  21232 |   2943 |  10587 |   8733 |  15 | 1611.7 |
          Lair |   6297 |   5274 |   1023 |    532 |   3347 |   5 | 1259.4 |
         Swamp |   2604 |   2493 |    111 |      8 |   1961 |   4 |  651.0 |
   Spider Nest |   4230 |   4035 |    195 |     60 |   2843 |   4 | 1057.5 |
    Slime Pits |   1912 |   1748 |    164 |    195 |    481 |   5 |  382.4 |
  Orcish Mines |   2464 |   2178 |    286 |    922 |    802 |   2 | 1232.0 |
   Elven Halls |   3850 |   3111 |    739 |    671 |   1766 |   3 | 1283.3 |
        Vaults |   8066 |   6417 |   1649 |    723 |   4174 |   5 | 1613.2 |
         Crypt |   3399 |   2805 |    594 |    444 |   1576 |   3 | 1133.0 |
          Tomb |   1874 |   1717 |    157 |     98 |    790 |   3 |  624.7 |
        Depths |   6273 |   5172 |   1101 |    764 |   3261 |   4 | 1568.2 |
          Hell |   1911 |   1682 |    229 |   1135 |    302 |   1 | 1911.0 |
           Dis |   3617 |   3364 |    253 |    802 |   1574 |   7 |  516.7 |
       Gehenna |   3208 |   2652 |    556 |    279 |   1585 |   7 |  458.3 |
       Cocytus |   2446 |   2158 |    288 |    167 |   1219 |   7 |  349.4 |
      Tartarus |   3531 |   2899 |    632 |    410 |   1683 |   7 |  504.4 |
           Zot |   3426 |   3198 |    228 |    566 |   1940 |   5 |  685.2 |
         Abyss |   3243 |   3243 |      0 |     44 |   1456 |   9 |  360.3 |
   Pandemonium |   4875 |   4875 |      0 |    495 |   2293 |  13 |  375.0 |
        Bazaar |     27 |     27 |      0 |      0 |      1 |   1 |   27.0 |
        Bailey |    203 |    203 |      0 |      0 |    106 |   1 |  203.0 |
      Ice Cave |    883 |    883 |      0 |    344 |    141 |   1 |  883.0 |
      Gauntlet |    320 |    320 |      0 |      0 |     81 |   1 |  320.0 |
               +--------+--------+--------+--------+--------+-----+--------+

Top non-repeatable levels by time:
     D:2: 5631 daAuts
     D:1: 3586 daAuts
Depths:1: 2401 daAuts
   Tar:7: 2269 daAuts
Vaults:1: 2262 daAuts
 Abyss:3: 2200 daAuts
    D:15: 2064 daAuts
    Hell: 1911 daAuts
   Dis:7: 1907 daAuts
     D:3: 1696 daAuts
Depths:2: 1691 daAuts
   Orc:1: 1635 daAuts
 Crypt:3: 1631 daAuts
     D:9: 1607 daAuts
   Elf:2: 1606 daAuts
